Workbook

Sheet RESUMO
A2: UNIVERSIDADE ESTADUAL DO NORTE DO PARANÁ PRÓ-REITORIA DE PLANEJAMENTO E AVALIAÇÃO INSTITUCIONAL SECRETARIA DE OBRAS
B11: IDENTIFICAÇÃO DA OBRA: | C11: URBANISMO CLM
B13: LOCAL: | C13: CAMPUS DE BANDEIRANTES
B15: ENDEREÇO: | C15: BR-369 Km 54, Vila Maria, CP 261 - Bandeirantes, PR
B17: DATA DO ORÇAMENTO: | C17: FEVEREIRO DE 2026
B19: REFERENCIAL DE PREÇO: | C19: SINAPI PR 01/2026 DESONERADO
B21: RESPONSÁVEL TÉCNICO: | C21: HENRIQUE FRANCIZ XIMENES DE ANDRADE BILBAO
B22: CREA | C22: CREA-PR: 160.587/D
B24: ART DO PROJETO:
B26: CUSTO DIRETO: | C26: =ORÇAMENTO!M6 -> 0
B28: BDI: | C28: =ORÇAMENTO!M4 -> 0.2223
B29: BDI DIF: | C29: =ORÇAMENTO!M5 -> 0.1091
B31: VALOR DO PROJETO: | C31: =ORÇAMENTO!M7 -> 0
B33: REFERÊNCIA DE PREÇOS: | C33: SINAPI PR 01/2026 DESONERADO

Sheet ORÇAMENTO
D3: UNIVERSIDADE ESTADUAL DO NORTE DO PARANÁ
D4: CNPJ: 08.885.100/0001-54 | L4: BDI | M4: 0.2223
D5: OBRA : URBANISMO DO CLM | L5: BDI dif | M5: 0.1091
D6: Local: Campus Luiz Meneghel - CLM | L6: Total s/BDI | M6: =SUM(O14:O179) -> 0
D7: Data do orçamento: SETEMBRO 2026 | L7: Total c/BDI | M7: =SUM(N14:N179) -> 0
D9: INSERIR DADOS DA EMPRESA
A11: ITEM | B11: RESUMO | C11: CÓDIGO | D11: DESCRIÇÃO DOS SERVIÇOS | E11: UN | F11: QTD | G11: UNITÁRIO (SEM BDI) | J11: TOTAL (Valores sem BDI) | M11: VALOR TOTAL C/ BDI
G12: MATERIAL + EQ | H12: MÃO DE OBRA | I12: TOTAL | J12: MATERIAL | K12: MÃO DE OBRA | L12: TOTAL
A14: 1 | D14: ADMINISTRAÇÃO DA OBRA | J14: =J15 -> 0 | K14: =K15 -> 0 | L14: =L15 -> 0 | M14: =SUM(M15) -> 0 | N14: =M14 -> 0
A15: 1.1 | B15: ACOMPANHAMENTO TÉCNICO | C15: 90778 | D15: ENGENHEIRO CIVIL DE OBRA PLENO COM ENCARGOS COMPLEMENTARES | E15: H | F15: =F17*30 -> 360 | I15: =G15+H15 -> 0 | J15: =G15*F15 -> 0 | K15: =H15*F15 -> 0 | L15: =I15*F15 -> 0 | M15: =ROUND(L15*(1+$M$4),2) -> 0
A16: 2 | D16: SERVIÇOS PRELIMINARES | J16: =SUM(J17:J24) -> 0 | K16: =SUM(K17:K24) -> 0 | L16: =SUM(L17:L24) -> 0 | M16: =SUM(M17:M24) -> 0 | N16: =M16 -> 0
A17: 2.1 | B17: INSTALAÇÕES CANTEIRO OBRA | C17: 10776/INSUMO | D17: LOCACAO DE CONTAINER 2,30 X 6,00 M, ALT. 2,50 M, PARA ESCRITORIO, SEM DIVISORIAS INTERNAS E SEM SANITARIO (NAO INCLUI MOBILIZACAO/DESMOBILIZACAO) | E17: MÊS | F17: 12 | I17: =G17+H17 -> 0 | J17: =G17*F17 -> 0 | K17: =H17*F17 -> 0 | L17: =I17*F17 -> 0 | M17: =ROUND(L17*(1+$M$5),2) -> 0
A18: 2.2 | B18: INSTALAÇÕES CANTEIRO OBRA | C18: 105115 | D18: INSTALAÇÃO E DESINSTALAÇÃO MECANIZADA DE CONTÊINER OU MÓDULO HABITÁVEL DE USOS DIVERSOS. AF_03/2024 | E18: UN | F18: 1 | I18: =G18+H18 -> 0 | J18: =G18*F18 -> 0 | K18: =H18*F18 -> 0 | L18: =I18*F18 -> 0 | M18: =ROUND(L18*(1+$M$4),2) -> 0
A19: 2.3 | B19: ENERGIA PROVISÓRIA - CANTEIRO | C19: 103689 | D19: FORNECIMENTO E INSTALAÇÃO DE PLACA DE OBRA COM CHAPA GALVANIZADA E ESTRUTURA DE MADEIRA. AF_03/2022_PS | E19: M2 | F19: 8 | I19: =G19+H19 -> 0 | J19: =G19*F19 -> 0 | K19: =H19*F19 -> 0 | L19: =I19*F19 -> 0 | M19: =ROUND(L19*(1+$M$4),2) -> 0
A20: 2.4 | B20: ENERGIA PROVISÓRIA - CANTEIRO | C20: 101510 | D20: ENTRADA DE ENERGIA ELÉTRICA, AÉREA, TRIFÁSICA, COM CAIXA DE EMBUTIR, CABO DE 16 MM2 E DISJUNTOR DIN 50A (NÃO INCLUSO O POSTE DE CONCRETO). AF_07/2020_PS | E20: UN | F20: 1 | I20: =G20+H20 -> 0 | J20: =G20*F20 -> 0 | K20: =H20*F20 -> 0 | L20: =I20*F20 -> 0 | M20: =ROUND(L20*(1+$M$4),2) -> 0
A21: 2.5 | B21: ENERGIA PROVISÓRIA - CANTEIRO | C21: 04620/ORSE | D21: CABO DE ALUMINIO 0,6/1KV MULTIPLEXADOS 3X1X16 +16MM² | E21: M | F21: 200 | I21: =G21+H21 -> 0 | J21: =G21*F21 -> 0 | K21: =H21*F21 -> 0 | L21: =I21*F21 -> 0 | M21: =ROUND(L21*(1+$M$4),2) -> 0
A22: 2.6 | B22: ÁGUA PROVISÓRIA - CANTEIRO | C22: 95641 | D22: KIT CAVALETE PARA MEDIÇÃO DE ÁGUA - ENTRADA INDIVIDUALIZADA | E22: UN | F22: 1 | I22: =G22+H22 -> 0 | J22: =G22*F22 -> 0 | K22: =H22*F22 -> 0 | L22: =I22*F22 -> 0 | M22: =ROUND(L22*(1+$M$4),2) -> 0
A23: 2.7 | B23: ÁGUA PROVISÓRIA - CANTEIRO | C23: 89402 | D23: TUBO, PVC, SOLDÁVEL, DN 25MM, INSTALADO EM RAMAL DE DISTRIBUIÇÃO DE ÁGUA - FORNECIMENTO E INSTALAÇÃO. AF_06/2022 | E23: M | F23: 100 | I23: =G23+H23 -> 0 | J23: =G23*F23 -> 0 | K23: =H23*F23 -> 0 | L23: =I23*F23 -> 0 | M23: =ROUND(L23*(1+$M$4),2) -> 0
A24: 2.8 | B24: SERVIÇOS DE TOPOGRAFIA | C24: 90781 | D24: TOPOGRAFO COM ENCARGOS COMPLEMENTARES | E24: H | F24: 96 | I24: =G24+H24 -> 0 | J24: =G24*F24 -> 0 | K24: =H24*F24 -> 0 | L24: =I24*F24 -> 0 | M24: =ROUND(L24*(1+$M$4),2) -> 0
A25: 3 | D25: INFRAESTRUTURA E ILUMINAÇÃO | J25: =SUM(J26:J92) -> 0 | K25: =SUM(K26:K92) -> 0 | L25: =SUM(L26:L92) -> 0 | M25: =SUM(M26:M92) -> 0 | N25: =M25 -> 0
A26: 3.1 | B26: ALIMENTAÇÃO
A27: PROJETO - TRANSFORMADOR
A28: 3.1.1 | B28: LEVANTAMENTO DE CARGA PARA AMPLIAÇÃO | C28: RESOLUÇÃO Nº 009/2025 - SECID | D28: 8.3.B) LEVANTAMENTO DE CARGA EM IMÓVEL EXISTENTE | E28: M2 | F28: 2023.98 | I28: =G28+H28 -> 0 | J28: =G28*F28 -> 0 | K28: =H28*F28 -> 0 | L28: =J28+K28 -> 0 | M28: =L28*(1+$M$4) -> 0
A29: 3.1.2 | B29: PROJETO ELÉTRICO - TRANSFORMADOR | C29: RESOLUÇÃO Nº 009/2025 - SECID | D29: 12.4.A) PROJETO COMPLETO DE ENTRADA DE ENERGIA E CABINE OU POSTOS DE TRANSFORMAÇÃO, EM ALVENARIA E/OU CUBÍCULO BLINDADO, E/OU DE POSTO DE TRANSFORMAÇÃO | E29: UN | F29: 1 | I29: =G29+H29 -> 0 | J29: =G29*F29 -> 0 | K29: =H29*F29 -> 0 | L29: =J29+K29 -> 0 | M29: =L29*(1+$M$4) -> 0
A30: 3.1.3 | B30: PROJETO ELÉTRICO - REDE AÉREA COMPACTA E INFRA DE LÓGICA | C30: RESOLUÇÃO Nº 009/2025 - SECID | D30: 12.4.A) PROJETO COMPLETO DE ENTRADA DE ENERGIA E CABINE OU POSTOS DE TRANSFORMAÇÃO, EM ALVENARIA E/OU CUBÍCULO BLINDADO, E/OU DE POSTO DE TRANSFORMAÇÃO | E30: UN | F30: 2 | I30: =G30+H30 -> 0 | J30: =G30*F30 -> 0 | K30: =H30*F30 -> 0 | L30: =J30+K30 -> 0 | M30: =L30*(1+$M$4) -> 0
A31: REDE DE DISTRIBUIÇÃO
A32: 3.1.4 | B32: POSTES DUPLO T - 300 a 400 DAN | C32: 08454/ORSE | D32: POSTE DE CONCRETO DUPLO T (DT) 7/600 - FORNECIMENTO E ASSENTAMENTO | E32: UN | F32: 1 | I32: =G32+H32 -> 0 | J32: =G32*F32 -> 0 | K32: =H32*F32 -> 0 | L32: =J32+K32 -> 0 | M32: =L32*(1+$M$4) -> 0
A33: 3.1.5 | B33: ASSENTAMENTO DOS POSTES | C33: 100578 | D33: ASSENTAMENTO DE POSTE DE CONCRETO COM COMPRIMENTO NOMINAL DE 9 M, CARGA NOMINAL MENOR OU IGUAL A 1000 DAN, ENGASTAMENTO SIMPLES COM 1,5 M DE SOLO (NÃO INCLUI FORNECIMENTO). AF_11/2019 | E33: UN | F33: 1 | I33: =G33+H33 -> 0 | J33: =G33*F33 -> 0 | K33: =H33*F33 -> 0 | L33: =J33+K33 -> 0 | M33: =L33*(1+$M$4) -> 0
A34: 3.1.6 | B34: ESTRUTURA N3 | C34: COMP.02 | D34: =COMPOSIÇÕES!A21 -> COMP. 02 - IMPLANTAÇÃO DE ESTRUTURA N3 - FORNECIMENTO E INSTALAÇÃO | E34: UN | F34: 2 | I34: =COMPOSIÇÕES!K34 -> 0 | J34: =G34*F34 -> 0 | K34: =H34*F34 -> 0 | L34: =J34+K34 -> 0 | M34: =L34*(1+$M$4) -> 0
A35: 3.1.7 | B35: DN3A - INSTALAÇÃO CHAVE FUSIVEL | C35: 02858 ORSE | D35: FORNECIMENTO DE CHAVE FUSÍVEL 15KV - 100A, RUPTURA ASSIM. 10KA | E35: UN | F35: 1 | I35: =G35+H35 -> 0 | J35: =G35*F35 -> 0 | K35: =H35*F35 -> 0 | L35: =J35+K35 -> 0 | M35: =L35*(1+$M$4) -> 0
A36: CABO DE ALUMINIO | N36: =M36 -> 0
A37: 3.1.8 | B37: CABO CAA 4AWG | C37: COMP. 01 | D37: =COMPOSIÇÕES!A13 -> COMP. 01 - CABO DE ALUMINIO NU COM ALMA DE ACO, BITOLA 4 AWG - FORNECIMENTO E INSTALAÇÃO | E37: M | F37: 50 | I37: =COMPOSIÇÕES!K19 -> 0 | J37: =G37*F37 -> 0 | K37: =H37*F37 -> 0 | L37: =J37+K37 -> 0 | M37: =L37*(1+$M$4) -> 0
A38: TRANSFORMADOR | N38: =M38 -> 0
A39: 3.1.9 | B39: TRANSFORMADOR DE DISTRIBUIÇÃO 225KVA TRIFÁSICO | C39: 102107 | D39: TRANSFORMADOR DE DISTRIBUIÇÃO, 225 KVA, TRIFÁSICO, 60 HZ, CLASSE 15 KV, IMERSO EM ÓLEO MINERAL, INSTALAÇÃO EM POSTE (NÃO INCLUSO SUPORTE) - FORNECIMENTO E INSTALAÇÃO. AF_12/2020 | E39: UN | F39: 1 | I39: =G39+H39 -> 0 | J39: =G39*F39 -> 0 | K39: =H39*F39 -> 0 | L39: =J39+K39 -> 0 | M39: =L39*(1+$M$4) -> 0
A40: 3.1.10 | B40: SUPORTE TRANSFORMADOR | C40: 7576 INSUMO | D40: SUPORTE EM ACO GALVANIZADO PARA TRANSFORMADOR PARA POSTE DUPLO T 185 X 95 MM, CHAPA DE 5/16" | E40: UN | F40: 1 | I40: =G40+H40 -> 0 | J40: =G40*F40 -> 0 | K40: =H40*F40 -> 0 | L40: =J40+K40 -> 0 | M40: =L40*(1+$M$4) -> 0
A41: 3.1.11 | B41: PARA-RAIOS POLIMÉRICO | C41: 12876 ORSE | D41: FORNECIMENTO E INSTALAÇÃO DE PARA RAIOS TIPO POLIMÉRICO 15KV - 12KA | E41: UN | F41: 1 | I41: =G41+H41 -> 0 | J41: =G41*F41 -> 0 | K41: =H41*F41 -> 0 | L41: =J41+K41 -> 0 | M41: =L41*(1+$M$4) -> 0
A42: 3.1.12 | B42: HASTE - ATERRAMENTO | C42: 96985 | D42: HASTE DE ATERRAMENTO, DIÂMETRO 5/8", COM 3 METROS - FORNECIMENTO E INSTALAÇÃO. AF_08/2023 | E42: UN | F42: 1 | I42: =G42+H42 -> 0 | J42: =G42*F42 -> 0 | K42: =H42*F42 -> 0 | L42: =J42+K42 -> 0 | M42: =L42*(1+$M$4) -> 0
A43: 3.1.13 | B43: CORDOALHA - ATERRAMENTO | C43: 96977 | D43: CORDOALHA DE COBRE NU 50 MM², ENTERRADA - FORNECIMENTO E INSTALAÇÃO. AF_08/2023 | E43: M | F43: 15 | I43: =G43+H43 -> 0 | J43: =G43*F43 -> 0 | K43: =H43*F43 -> 0 | L43: =J43+K43 -> 0 | M43: =L43*(1+$M$4) -> 0
A44: PADRÃO DE ENTRADA | N44: =M44 -> 0
A45: 3.1.14 | B45: BASE EM CONCRETO (SAPATA) | C45: 94971 | D45: CONCRETO FCK = 25MPA, TRAÇO 1:2,3:2,7 (EM MASSA SECA DE CIMENTO/ AREIA MÉDIA/ BRITA 1) - PREPARO MECÂNICO COM BETONEIRA 600 L. AF_05/2021 | E45: M3 | F45: 1.5 | I45: =G45+H45 -> 0 | J45: =G45*F45 -> 0 | K45: =H45*F45 -> 0 | L45: =J45+K45 -> 0 | M45: =L45*(1+$M$4) -> 0
A46: 3.1.15 | B46: TRAVAMENTO EM CONCRETO ARMADO | C46: 103669 | D46: CONCRETAGEM DE PILARES, FCK = 25 MPA, COM USO DE BALDES - LANÇAMENTO, ADENSAMENTO E ACABAMENTO. AF_02/2022 | E46: M3 | F46: 0.5 | I46: =G46+H46 -> 0 | J46: =G46*F46 -> 0 | K46: =H46*F46 -> 0 | L46: =J46+K46 -> 0 | M46: =L46*(1+$M$4) -> 0
A47: 3.1.16 | B47: TRAVAMENTO EM CONCRETO ARMADO ARMADURA | C47: 104108 | D47: ARMAÇÃO DE PILAR OU VIGA DE ESTRUTURA DE CONCRETO ARMADO EMBUTIDA EM ALVENARIA DE VEDAÇÃO UTILIZANDO AÇO CA-50 DE 10,0 MM - MONTAGEM. AF_06/2022 | E47: KG | F47: 10 | I47: =G47+H47 -> 0 | J47: =G47*F47 -> 0 | K47: =H47*F47 -> 0 | L47: =J47+K47 -> 0 | M47: =L47*(1+$M$4) -> 0
A48: 3.1.17 | B48: TRAVAMENTO EM CONCRETO ARMADO ESTRIBOS | C48: 104110 | D48: ARMAÇÃO DE PILAR OU VIGA DE ESTRUTURA DE CONCRETO ARMADO EMBUTIDA EM ALVENARIA DE VEDAÇÃO UTILIZANDO AÇO CA-50 DE 6,3 MM - MONTAGEM. AF_06/2022 | E48: KG | F48: 3 | I48: =G48+H48 -> 0 | J48: =G48*F48 -> 0 | K48: =H48*F48 -> 0 | L48: =J48+K48 -> 0 | M48: =L48*(1+$M$4) -> 0
A49: 3.1.18 | B49: TRAVAMENTO EM CONCRETO ARMADO | C49: 92269 | D49: FABRICAÇÃO DE FÔRMA PARA PILARES E ESTRUTURAS SIMILARES, EM MADEIRA SERRADA, E=25 MM. AF_09/2020 | E49: M2 | F49: 4 | I49: =G49+H49 -> 0 | J49: =G49*F49 -> 0 | K49: =H49*F49 -> 0 | L49: =J49+K49 -> 0 | M49: =L49*(1+$M$4) -> 0
A50: 3.1.19 | B50: ALVENARIA DE 1.1/2 VEZ - 30 CM | C50: 103320 | D50: ALVENARIA DE VEDAÇÃO DE BLOCOS VAZADOS DE CONCRETO DE 19X19X39 CM (ESPESSURA 19 CM) E ARGAMASSA DE ASSENTAMENTO COM PREPARO EM BETONEIRA. AF_12/2021 | E50: M2 | F50: 5.75 | I50: =G50+H50 -> 0 | J50: =G50*F50 -> 0 | K50: =H50*F50 -> 0 | L50: =J50+K50 -> 0 | M50: =L50*(1+$M$4) -> 0
A51: 3.1.20 | B51: ACABAMENTO - FUNDO | C51: 88485 | D51: FUNDO SELADOR ACRÍLICO, APLICAÇÃO MANUAL EM PAREDE, UMA DEMÃO. AF_04/2023 | E51: M2 | F51: 17.9 | I51: =G51+H51 -> 0 | J51: =G51*F51 -> 0 | K51: =H51*F51 -> 0 | L51: =J51+K51 -> 0 | M51: =L51*(1+$M$4) -> 0
A52: 3.1.21 | B52: ACABAMENTO - PINTURA | C52: 104642 | D52: PINTURA LÁTEX ACRÍLICA STANDARD, APLICAÇÃO MANUAL EM PAREDES, DUAS DEMÃOS. AF_04/2023 | E52: M2 | F52: 17.9 | I52: =G52+H52 -> 0 | J52: =G52*F52 -> 0 | K52: =H52*F52 -> 0 | L52: =J52+K52 -> 0 | M52: =L52*(1+$M$4) -> 0
A53: 3.1.22 | B53: COBERTURA PROTEÇÃO | C53: 101964 | D53: LAJE PRÉ-MOLDADA UNIDIRECIONAL, BIAPOIADA, PARA FORRO, ENCHIMENTO EM CERÂMICA, VIGOTA CONVENCIONAL, ALTURA TOTAL DA LAJE (ENCHIMENTO+CAPA) = (8+3). AF_11/2020_PA | E53: M2 | F53: 2.5 | I53: =G53+H53 -> 0 | J53: =G53*F53 -> 0 | K53: =H53*F53 -> 0 | L53: =J53+K53 -> 0 | M53: =L53*(1+$M$4) -> 0
A54: 3.1.23 | B54: IMPERM. | C54: 98555 | D54: IMPERMEABILIZAÇÃO DE SUPERFÍCIE COM ARGAMASSA POLIMÉRICA / MEMBRANA ACRÍLICA, 3 DEMÃOS. AF_09/2023 | E54: M2 | F54: 2.5 | I54: =G54+H54 -> 0 | J54: =G54*F54 -> 0 | K54: =H54*F54 -> 0 | L54: =J54+K54 -> 0 | M54: =L54*(1+$M$4) -> 0
A55: 3.1.24 | B55: CALÇADA ENTORNO (340X100X6 CM) | C55: 94990 | D55: EXECUÇÃO DE PASSEIO (CALÇADA) OU PISO DE CONCRETO COM CONCRETO MOLDADO IN LOCO, FEITO EM OBRA, ACABAMENTO CONVENCIONAL, NÃO ARMADO. AF_08/2022 | E55: M³ | F55: 0.5 | I55: =G55+H55 -> 0 | J55: =G55*F55 -> 0 | K55: =H55*F55 -> 0 | L55: =J55+K55 -> 0 | M55: =L55*(1+$M$4) -> 0
A56: QUADROS - GERAL E DISTRIBUIÇÃO | N56: =M56 -> 0
A57: 3.1.25 | B57: QUEBRA ALVENARIA | C57: 90458 | D57: QUEBRA EM ALVENARIA PARA INSTALAÇÃO DE QUADRO DISTRIBUIÇÃO GRANDE (76X40 CM). AF_09/2023 | E57: UN | F57: 2 | I57: =G57+H57 -> 0 | J57: =G57*F57 -> 0 | K57: =H57*F57 -> 0 | L57: =J57+K57 -> 0 | M57: =L57*(1+$M$3) -> 0
A58: 3.1.26 | B58: QUADRO ALIMENTAÇÃO | C58: 09725 ORSE | D58: QFAC II - QUADRO/ PAINEL EM CHAPA DE AÇO COM PINTURA ELETROSTÁTICA A PÓ POLIESTER NA COR BEGE, GRAU DE PROTEÇÃO IP 54, COM BARRAMENTO, SEM DISJUNTORES - 1000X800X220MM | E58: UN | F58: 2 | I58: =G58+H58 -> 0 | J58: =G58*F58 -> 0 | K58: =H58*F58 -> 0 | L58: =J58+K58 -> 0 | M58: =L58*(1+$M$3) -> 0
A59: 3.1.27 | B59: PVC 85 MM + ACESSÓRIOS (LUVAS, COTOVELOS, ETC...) | C59: 93011 | D59: ELETRODUTO RÍGIDO ROSCÁVEL, PVC, DN 85 MM (3"), PARA REDE ENTERRADA DE DISTRIBUIÇÃO DE ENERGIA ELÉTRICA - FORNECIMENTO E INSTALAÇÃO. AF_12/2021 | E59: M | F59: 36 | I59: =G59+H59 -> 0 | J59: =G59*F59 -> 0 | K59: =H59*F59 -> 0 | L59: =J59+K59 -> 0 | M59: =L59*(1+$M$3) -> 0
A60: 3.1.28 | B60: CABO 95 MM² (DESCIDA DO POSTE ATÉ QUADRO 3X3F+N) | C60: 101567 | D60: CABO DE COBRE FLEXÍVEL ISOLADO, 95 MM², 0,6/1,0 KV, PARA REDE AÉREA DE DISTRIBUIÇÃO DE ENERGIA ELÉTRICA DE BAIXA TENSÃO - FORNECIMENTO E INSTALAÇÃO. AF_07/2020 | E60: M | F60: 84 | I60: =G60+H60 -> 0 | J60: =G60*F60 -> 0 | K60: =H60*F60 -> 0 | L60: =J60+K60 -> 0 | M60: =L60*(1+$M$3) -> 0
A61: 3.1.29 | B61: CABO COBRE NU 120 MM² (ATERRAMENTO) | C61: 101568 | D61: CABO DE COBRE FLEXÍVEL ISOLADO, 120 MM², 0,6/1,0 KV, PARA REDE AÉREA DE DISTRIBUIÇÃO DE ENERGIA ELÉTRICA DE BAIXA TENSÃO - FORNECIMENTO E INSTALAÇÃO. AF_07/2020 | E61: M | F61: 6 | I61: =G61+H61 -> 0 | J61: =G61*F61 -> 0 | K61: =H61*F61 -> 0 | L61: =J61+K61 -> 0 | M61: =L61*(1+$M$3) -> 0
A62: 3.1.30 | B62: ELETRODUTO PVC RIGIDO ø40 MM (ATERRAMENTO) | C62: 91865 | D62: ELETRODUTO RÍGIDO ROSCÁVEL, PVC, DN 40 MM (1 1/4"), PARA CIRCUITOS TERMINAIS, INSTALADO EM FORRO - FORNECIMENTO E INSTALAÇÃO. AF_03/2023 | E62: M | F62: 6 | I62: =G62+H62 -> 0 | J62: =G62*F62 -> 0 | K62: =H62*F62 -> 0 | L62: =J62+K62 -> 0 | M62: =L62*(1+$M$3) -> 0
A63: 3.1.31 | B63: DISJUNTOR - QUADRO DISTRIBUIÇÃO | C63: 101896 ADAPTADO | D63: (ADAPTADO PARA 150 A) DISJUNTOR TERMOMAGNÉTICO TRIPOLAR , CORRENTE NOMINAL DE 200A - FORNECIMENTO E INSTALAÇÃO. AF_10/2020 | E63: UN | F63: 1 | I63: =G63+H63 -> 0 | J63: =G63*F63 -> 0 | K63: =H63*F63 -> 0 | L63: =J63+K63 -> 0 | M63: =L63*(1+$M$3) -> 0
A64: 3.1.32 | B64: DISJUNTOR - QUADRO GERAL | C64: 101899 | D64: DISJUNTOR TERMOMAGNÉTICO TRIPOLAR , CORRENTE NOMINAL DE 600A - FORNECIMENTO E INSTALAÇÃO. AF_10/2020 | E64: UN | F64: 1 | I64: =G64+H64 -> 0 | J64: =G64*F64 -> 0 | K64: =H64*F64 -> 0 | L64: =J64+K64 -> 0 | M64: =L64*(1+$M$3) -> 0
A65: 3.1.33 | B65: ELÉTRICA | C65: 93664 | D65: DISJUNTOR BIPOLAR TIPO DIN, CORRENTE NOMINAL DE 32A - FORNECIMENTO E INSTALAÇÃO. AF_10/2020 | E65: UN | F65: 5 | I65: =G65+H65 -> 0 | J65: =G65*F65 -> 0 | K65: =H65*F65 -> 0 | L65: =I65*F65 -> 0 | M65: =ROUND(L65*(1+$M$4),2) -> 0
A66: 3.1.34 | B66: CAIXA ENTERRADA | C66: 97883 | D66: CAIXA ENTERRADA ELÉTRICA RETANGULAR, EM CONCRETO PRÉ-MOLDADO, FUNDO COM BRITA, DIMENSÕES INTERNAS: 0,6X0,6X0,5 M. AF_12/2020 | E66: UN | F66: 1 | I66: =G66+H66 -> 0 | J66: =G66*F66 -> 0 | K66: =H66*F66 -> 0 | L66: =J66+K66 -> 0 | M66: =L66*(1+$M$3) -> 0
A67: 3.2 | D67: INSTALAÇÃO DE POSTES
A68: 3.2.1 | B68: POSTES - VIAS | C68: 08454/ORSE | D68: POSTE DE CONCRETO DUPLO T (DT) 7/600 - FORNECIMENTO E ASSENTAMENTO | E68: UN | F68: 25 | I68: =G68+H68 -> 0 | J68: =G68*F68 -> 0 | K68: =H68*F68 -> 0 | L68: =I68*F68 -> 0 | M68: =ROUND(L68*(1+$M$4),2) -> 0
A69: 3.2.2 | B69: ESPAÇADOR LOSANGULAR | C69: 04655/ORSE | D69: ESPAÇADOR LOSANGULAR 15KV | E69: UN | F69: 30 | I69: =G69+H69 -> 0 | J69: =G69*F69 -> 0 | K69: =H69*F69 -> 0 | L69: =I69*F69 -> 0 | M69: =ROUND(L69*(1+$M$4),2) -> 0
A70: 3.2.3 | B70: ASSENTAMENTO E INSTALAÇÃO POSTES | C70: 100578 | D70: ASSENTAMENTO DE POSTE DE CONCRETO COM COMPRIMENTO NOMINAL DE 9 M, CARGA NOMINAL MENOR OU IGUAL A 1000 DAN, ENGASTAMENTO SIMPLES COM 1,5 M DE SOLO (NÃO INCLUI FORNECIMENTO). AF_11/2019 | E70: UN | F70: 25 | I70: =G70+H70 -> 0 | J70: =G70*F70 -> 0 | K70: =H70*F70 -> 0 | L70: =I70*F70 -> 0 | M70: =ROUND(L70*(1+$M$4),2) -> 0
A71: 3.2.4 | B71: LUMINÁRIA - POSTE VIAS | C71: 101657 | D71: [ADAP] LUMINÁRIA DE LED PARA ILUMINAÇÃO PÚBLICA, DE 150 W - FORNECIMENTO E INSTALAÇÃO. AF_08/2020 | E71: UN | F71: 25 | I71: =G71+H71 -> 0 | J71: =G71*F71 -> 0 | K71: =H71*F71 -> 0 | L71: =I71*F71 -> 0 | M71: =ROUND(L71*(1+$M$4),2) -> 0
A72: 3.2.5 | B72: BRAÇO SUPORTE LUMINÁRIA | C72: 101636 | D72: BRAÇO PARA ILUMINAÇÃO PÚBLICA, EM TUBO DE AÇO GALVANIZADO, COMPRIMENTO DE 1,50 M, PARA FIXAÇÃO EM POSTE DE CONCRETO - FORNECIMENTO E INSTALAÇÃO. AF_08/2020 | E72: UN | F72: 25 | I72: =G72+H72 -> 0 | J72: =G72*F72 -> 0 | K72: =H72*F72 -> 0 | L72: =I72*F72 -> 0 | M72: =ROUND(L72*(1+$M$4),2) -> 0
A73: 3.2.6 | B73: POSTE - RU | C73: 100619 | D73: POSTE DECORATIVO PARA JARDIM EM AÇO TUBULAR, H = *2,5* M, SEM LUMINÁRIA - FORNECIMENTO E INSTALAÇÃO. AF_11/2019 | E73: UN | F73: 9 | I73: =G73+H73 -> 0 | J73: =G73*F73 -> 0 | K73: =H73*F73 -> 0 | L73: =I73*F73 -> 0 | M73: =ROUND(L73*(1+$M$4),2) -> 0
A74: 3.2.7 | B74: LUMINÁRIA - POSTE RU | C74: 101655 | D74: LUMINÁRIA DE LED PARA ILUMINAÇÃO PÚBLICA, DE 51 W ATÉ 67 W - FORNECIMENTO E INSTALAÇÃO. AF_08/2020 | E74: UN | F74: 9 | I74: =G74+H74 -> 0 | J74: =G74*F74 -> 0 | K74: =H74*F74 -> 0 | L74: =I74*F74 -> 0 | M74: =ROUND(L74*(1+$M$4),2) -> 0
A75: 3.2.8 | B75: RELE | C75: 101632 | D75: RELÉ FOTOELÉTRICO PARA COMANDO DE ILUMINAÇÃO EXTERNA 1000 W - FORNECIMENTO E INSTALAÇÃO. AF_08/2020 | E75: UN | F75: =F68+F73 -> 34 | I75: =G75+H75 -> 0 | J75: =G75*F75 -> 0 | K75: =H75*F75 -> 0 | L75: =I75*F75 -> 0 | M75: =ROUND(L75*(1+$M$4),2) -> 0
A76: 3.3 | D76: INSTALAÇÕES ELÉTRICAS
A77: 3.3.1 | B77: CX PASSAGEM | C77: 97882 | D77: CAIXA ENTERRADA ELÉTRICA RETANGULAR, EM CONCRETO PRÉ-MOLDADO, FUNDO COM BRITA, DIMENSÕES INTERNAS: 0,4X0,4X0,4 M. AF_12/2020 | E77: UN | F77: 25 | I77: =G77+H77 -> 0 | J77: =G77*F77 -> 0 | K77: =H77*F77 -> 0 | L77: =I77*F77 -> 0 | M77: =ROUND(L77*(1+$M$4),2) -> 0
A78: 3.3.2 | B78: ELÉTRICA CABO | C78: 91932 | D78: CABO DE COBRE FLEXÍVEL ISOLADO, 10 MM², ANTI-CHAMA 450/750 V, PARA CIRCUITOS TERMINAIS - FORNECIMENTO E INSTALAÇÃO. AF_03/2023 | E78: M | F78: =2450+380 -> 2830 | I78: =G78+H78 -> 0 | J78: =G78*F78 -> 0 | K78: =H78*F78 -> 0 | L78: =I78*F78 -> 0 | M78: =ROUND(L78*(1+$M$4),2) -> 0
A79: 3.3.3 | B79: ELÉTRICA CABO | C79: 91935 | D79: CABO DE COBRE FLEXÍVEL ISOLADO, 16 MM², ANTI-CHAMA 0,6/1,0 KV, PARA CIRCUITOS TERMINAIS - FORNECIMENTO E INSTALAÇÃO. AF_12/2015 | E79: M | F79: 45 | I79: =G79+H79 -> 0 | J79: =G79*F79 -> 0 | K79: =H79*F79 -> 0 | L79: =I79*F79 -> 0 | M79: =ROUND(L79*(1+$M$4),2) -> 0
A80: 3.3.4 | B80: ELÉTRICA DUTO ENTERRADO | C80: 97667 | D80: ELETRODUTO FLEXÍVEL CORRUGADO, PEAD, DN 50 (1 1/2"), PARA REDE ENTERRADA DE DISTRIBUIÇÃO DE ENERGIA ELÉTRICA - FORNECIMENTO E INSTALAÇÃO. AF_12/2021 | E80: M | F80: =(620*2)+95 -> 1335 | I80: =G80+H80 -> 0 | J80: =G80*F80 -> 0 | K80: =H80*F80 -> 0 | L80: =I80*F80 -> 0 | M80: =ROUND(L80*(1+$M$4),2) -> 0
A81: 3.3.5 | B81: ELETRODUTO SUBIDAS POSTES | C81: 91872 | D81: ELETRODUTO RÍGIDO ROSCÁVEL, PVC, DN 32 MM (1"), PARA CIRCUITOS TERMINAIS, INSTALADO EM PAREDE - FORNECIMENTO E INSTALAÇÃO. AF_03/2023 | E81: M | F81: 15 | I81: =G81+H81 -> 0 | J81: =G81*F81 -> 0 | K81: =H81*F81 -> 0 | L81: =I81*F81 -> 0 | M81: =ROUND(L81*(1+$M$4),2) -> 0
A82: 3.3.6 | B82: CONDULETE | C82: 95777 | D82: CONDULETE DE ALUMÍNIO, TIPO B, PARA ELETRODUTO DE AÇO GALVANIZADO DN 20 MM (3/4''), APARENTE - FORNECIMENTO E INSTALAÇÃO. AF_11/2016_P | E82: UN | F82: =F75 -> 34 | I82: =G82+H82 -> 0 | J82: =G82*F82 -> 0 | K82: =H82*F82 -> 0 | L82: =I82*F82 -> 0 | M82: =ROUND(L82*(1+$M$4),2) -> 0
A83: 3.3.7 | B83: ELÉTRICA DUTO ENTERRADO (80CM PROF / LARGURA 50 CM) | C83: 90091 | D83: ESCAVAÇÃO MECANIZADA DE VALA COM PROF. ATÉ 1,5 M, LARG. DE 1,5 M A 2,5 M, EM SOLO DE 1A CATEGORIA, LOCAIS COM BAIXO NÍVEL DE INTERFERÊNCIA. AF_02/2021 | E83: M3 | F83: =F80*0.8*0.5 -> 534 | I83: =G83+H83 -> 0 | J83: =G83*F83 -> 0 | K83: =H83*F83 -> 0 | L83: =I83*F83 -> 0 | M83: =ROUND(L83*(1+$M$4),2) -> 0
A84: 3.3.8 | B84: ELÉTRICA DUTO ENTERRADO | C84: 93382 | D84: REATERRO MANUAL DE VALAS COM COMPACTAÇÃO MECANIZADA. AF_04/2016 | E84: M3 | F84: =F83 -> 534 | I84: =G84+H84 -> 0 | J84: =G84*F84 -> 0 | K84: =H84*F84 -> 0 | L84: =I84*F84 -> 0 | M84: =ROUND(L84*(1+$M$4),2) -> 0
A85: 3.3.9 | B85: CAMADA CONCRETO PROTEÇÃO DUTO ENTERRADO L=25, e=3cm | C85: 103491 | D85: CONCRETAGEM COMO PROTEÇÃO MECÂNICA ADICIONAL NO REATERRO PARA REDE ENTERRADA DE DISTRIBUIÇÃO DE ENERGIA ELÉTRICA - FORNECIMENTO E INSTALAÇÃO. AF_12/2021 | E85: M3 | F85: 10 | I85: =G85+H85 -> 0 | J85: =G85*F85 -> 0 | K85: =H85*F85 -> 0 | L85: =I85*F85 -> 0 | M85: =ROUND(L85*(1+$M$4),2) -> 0
A86: 3.3.10 | B86: FITA ADVERTÊNCIA DUTO ENTERRADO | C86: 11201 ORSE | D86: FITA DE ADVERTÊNCIA DE REDE ELÉTRICA ENTERRADA | E86: M | F86: 620 | I86: =G86+H86 -> 0 | J86: =G86*F86 -> 0 | K86: =H86*F86 -> 0 | L86: =I86*F86 -> 0 | M86: =ROUND(L86*(1+$M$4),2) -> 0
A87: 3.4 | D87: INFRAESTRUTURA PARA LÓGICA
A88: 3.4.1 | B88: CX PASSAGEM | C88: 97882 | D88: CAIXA ENTERRADA ELÉTRICA RETANGULAR, EM CONCRETO PRÉ-MOLDADO, FUNDO COM BRITA, DIMENSÕES INTERNAS: 0,4X0,4X0,4 M. AF_12/2020 | E88: UN | F88: 10 | I88: =G88+H88 -> 0 | J88: =G88*F88 -> 0 | K88: =H88*F88 -> 0 | L88: =I88*F88 -> 0 | M88: =ROUND(L88*(1+$M$4),2) -> 0
A89: 3.4.2 | B89: DUTO ENTERRADO | C89: 97667 | D89: ELETRODUTO FLEXÍVEL CORRUGADO, PEAD, DN 50 (1 1/2"), PARA REDE ENTERRADA DE DISTRIBUIÇÃO DE ENERGIA ELÉTRICA - FORNECIMENTO E INSTALAÇÃO. AF_12/2021 | E89: M | F89: 240 | I89: =G89+H89 -> 0 | J89: =G89*F89 -> 0 | K89: =H89*F89 -> 0 | L89: =I89*F89 -> 0 | M89: =ROUND(L89*(1+$M$4),2) -> 0
A90: 3.4.3 | B90: ELÉTRICA DUTO ENTERRADO (80CM PROF / LARGURA 30 CM) | C90: 90091 | D90: ESCAVAÇÃO MECANIZADA DE VALA COM PROF. ATÉ 1,5 M, LARG. DE 1,5 M A 2,5 M, EM SOLO DE 1A CATEGORIA, LOCAIS COM BAIXO NÍVEL DE INTERFERÊNCIA. AF_02/2021 | E90: M3 | F90: 58 | I90: =G90+H90 -> 0 | J90: =G90*F90 -> 0 | K90: =H90*F90 -> 0 | L90: =I90*F90 -> 0 | M90: =ROUND(L90*(1+$M$4),2) -> 0
A91: 3.4.4 | B91: ELÉTRICA DUTO ENTERRADO | C91: 93382 | D91: REATERRO MANUAL DE VALAS COM COMPACTAÇÃO MECANIZADA. AF_04/2016 | E91: M3 | F91: =F90 -> 58 | I91: =G91+H91 -> 0 | J91: =G91*F91 -> 0 | K91: =H91*F91 -> 0 | L91: =I91*F91 -> 0 | M91: =ROUND(L91*(1+$M$4),2) -> 0
A92: 3.4.5 | B92: CAMADA CONCRETO PROTEÇÃO DUTO ENTERRADO L=25, e=3cm | C92: 103491 | D92: CONCRETAGEM COMO PROTEÇÃO MECÂNICA ADICIONAL NO REATERRO PARA REDE ENTERRADA DE DISTRIBUIÇÃO DE ENERGIA ELÉTRICA - FORNECIMENTO E INSTALAÇÃO. AF_12/2021 | E92: M3 | F92: 2 | I92: =G92+H92 -> 0 | J92: =G92*F92 -> 0 | K92: =H92*F92 -> 0 | L92: =I92*F92 -> 0 | M92: =ROUND(L92*(1+$M$4),2) -> 0
A93: 4 | D93: CALÇADA | J93: =SUM(J94:J101) -> 0 | K93: =SUM(K94:K101) -> 0 | L93: =SUM(L94:L101) -> 0 | M93: =SUM(M94:M101) -> 0 | N93: =M93 -> 0 | O93: =L93 -> 0
A94: 4.1 | B94: NIVELAMENTO E REGULARIZAÇÃO DAS ÁREAS DE CALÇADA - CORTE/ATERRO | C94: 102276 | D94: ESCAVAÇÃO MECANIZADA DE VALA COM PROF. ATÉ 1,5 M (MÉDIA MONTANTE E JUSANTE/UMA COMPOSIÇÃO POR TRECHO), ESCAVADEIRA (0,8 M3), LARG. MENOR QUE 1,5 M, EM SOLO DE 1A CATEGORIA, EM LOCAIS COM ALTO NÍVEL DE INTERFERÊNCIA. AF_02/2021 | E94: M3 | F94: 490 | I94: =G94+H94 -> 0 | J94: =G94*F94 -> 0 | K94: =H94*F94 -> 0 | L94: =I94*F94 -> 0 | M94: =ROUND(L94*(1+$M$4),2) -> 0
A95: 4.2 | B95: NIVELAMENTO E REGULARIZAÇÃO DAS ÁREAS DE CALÇADA - CORTE/ATERRO | C95: 93379 | D95: REATERRO MECANIZADO DE VALA COM RETROESCAVADEIRA (CAPACIDADE DA CAÇAMBA DA RETRO: 0,26 M³/POTÊNCIA: 88 HP), LARGURA 0,8 A 1,5 M, PROFUNDIDADE ATÉ 1,5 M, COM SOLO (SEM SUBSTITUIÇÃO) DE 1ª CATEGORIA, COM COMPACTADOR DE SOLOS DE PERCUSSÃO AF_08/2023 | E95: M3 | F95: 490 | I95: =G95+H95 -> 0 | J95: =G95*F95 -> 0 | K95: =H95*F95 -> 0 | L95: =I95*F95 -> 0 | M95: =ROUND(L95*(1+$M$4),2) -> 0
A96: 4.3 | B96: PREPARO DA CALÇADA | C96: 97113 | D96: APLICAÇÃO DE LONA PLÁSTICA PARA EXECUÇÃO DE PAVIMENTOS DE CONCRETO. AF_04/2022 | E96: M2 | F96: 1507 | I96: =G96+H96 -> 0 | J96: =G96*F96 -> 0 | K96: =H96*F96 -> 0 | L96: =J96+K96 -> 0 | M96: =ROUND(L96*(1+$M$4),2) -> 0
A97: 4.4 | B97: CALÇADA - CONCRETO 5CM (INCLUSIVE REBAIXOS) | C97: 94991 | D97: EXECUÇÃO DE PASSEIO (CALÇADA) OU PISO DE CONCRETO COM CONCRETO MOLDADO IN LOCO, USINADO, ACABAMENTO CONVENCIONAL, NÃO ARMADO. AF_07/2016 | E97: M3 | F97: 74 | I97: =G97+H97 -> 0 | J97: =G97*F97 -> 0 | K97: =H97*F97 -> 0 | L97: =I97*F97 -> 0 | M97: =ROUND(L97*(1+$M$4),2) -> 0
A98: 4.5 | B98: PISO TÁTIL EM CONCRETO | C98: 104658 | D98: PISO PODOTÁTIL DE ALERTA OU DIRECIONAL, DE CONCRETO, ASSENTADO SOBRE ARGAMASSA. AF_03/2024 | E98: M2 | F98: 185.5 | I98: =G98+H98 -> 0 | J98: =G98*F98 -> 0 | K98: =H98*F98 -> 0 | L98: =I98*F98 -> 0 | M98: =ROUND(L98*(1+$M$4),2) -> 0
A99: 4.6 | B99: PINTURA - PISO | C99: 102491 | D99: PINTURA DE PISO COM TINTA ACRÍLICA, APLICAÇÃO MANUAL, 2 DEMÃOS, INCLUSO FUNDO PREPARADOR. AF_05/2021 | E99: M2 | F99: 86.5 | I99: =G99+H99 -> 0 | J99: =G99*F99 -> 0 | K99: =H99*F99 -> 0 | L99: =I99*F99 -> 0 | M99: =ROUND(L99*(1+$M$4),2) -> 0
A100: 4.7 | B100: PERGOLADO | C100: 103314 | D100: INSTALAÇÃO DE PERGOLADO DE MADEIRA, EM MAÇARANDUBA, ANGELIM OU EQUIVALENTE DA REGIÃO, FIXADO COM CONCRETO SOBRE PISO DE CONCRETO EXISTENTE. AF_11/2021 | E100: M2 | F100: 32 | I100: =G100+H100 -> 0 | J100: =G100*F100 -> 0 | K100: =H100*F100 -> 0 | L100: =I100*F100 -> 0 | M100: =ROUND(L100*(1+$M$4),2) -> 0
A101: 4.8 | B101: COBERTURA- PERGOLADO (INCOLOR) | C101: 94449 | D101: TELHAMENTO COM TELHA ONDULADA DE FIBRA DE VIDRO E = 0,6 MM, PARA TELHADO COM INCLINAÇÃO MAIOR QUE 10°, COM ATÉ 2 ÁGUAS, INCLUSO IÇAMENTO. AF_07/2019 | E101: M2 | F101: 32 | I101: =G101+H101 -> 0 | J101: =G101*F101 -> 0 | K101: =H101*F101 -> 0 | L101: =I101*F101 -> 0 | M101: =ROUND(L101*(1+$M$4),2) -> 0
A102: 5 | D102: VIAS E ESTACIONAMENTOS | J102: =SUM(J103:J137) -> 0 | K102: =SUM(K103:K137) -> 0 | L102: =SUM(L103:L137) -> 0 | M102: =SUM(M103:M137) -> 0 | N102: =M102 -> 0 | O102: =L102 -> 0
A103: 5.1 | D103: TERRAPLANAGEM E REGULARIZAÇÃO
A104: 5.1.1 | B104: REGULARIZAÇÃO DAS SUPERFÍCIES - LIMPEZA TERRENO | C104: 98525 | D104: LIMPEZA MECANIZADA DE CAMADA VEGETAL, VEGETAÇÃO E PEQUENAS ÁRVORES (DIÂMETRO DE TRONCO MENOR QUE 0,20 M), COM TRATOR DE ESTEIRAS.AF_05/2018 | E104: M2 | F104: 7942.5 | I104: =G104+H104 -> 0 | J104: =G104*F104 -> 0 | K104: =H104*F104 -> 0 | L104: =I104*F104 -> 0 | M104: =ROUND(L104*(1+$M$4),2) -> 0
A105: 5.1.2 | B105: REGULARIZAÇÃO DAS SUPERFÍCIES - ESPALHAMENTO MATERIAL (média h=80cm) | C105: 100574 | D105: ESPALHAMENTO DE MATERIAL COM TRATOR DE ESTEIRAS. AF_11/2019 | E105: M3 | F105: 6354 | I105: =G105+H105 -> 0 | J105: =G105*F105 -> 0 | K105: =H105*F105 -> 0 | L105: =I105*F105 -> 0 | M105: =ROUND(L105*(1+$M$4),2) -> 0
...

Sheet CRONOGRAMA
D3: UNIVERSIDADE ESTADUAL DO NORTE DO PARANÁ
D4: CNPJ: 08.885.100/0001-54
D5: OBRA : URBANISMO DO CLM
D6: Local: Campus Luiz Meneghel - CLM
D7: Data do orçamento: SETEMBRO 2026
D8: REFERÊNCIA DE PREÇOS : SINAPI PR 08/26 SEM DESONERAÇÃO
D9: RESP. TÉCNICO: LETICIA SACOMAN SAMPAIO - ARQUITETA E URBANISTA - CAU A132694-5 | H9: RESP. TÉCNICO: HENRIQUE FRANCIZ XIMENES DE ANDRADE BILBAO - ENGENHEIRO CIVIL - CREA-PR: 160.587/D
A11: CRONOGRAMA FÍSICO- FINANCEIRO
B12: SERVIÇO/LOCAL | C12: Valores | D12: % | E12: MÊS 1 | G12: MÊS 2 | I12: MÊS 3 | K12: MÊS 4 | M12: MÊS 5 | O12: MÊS 6 | Q12: MÊS 7 | S12: MÊS 8 | U12: MÊS 9 | W12: MÊS 10 | Y12: MÊS 11 | AA12: MÊS 12
E13: % | F13: R$ | G13: % | H13: R$ | I13: % | J13: R$ | K13: % | L13: R$ | M13: % | N13: R$ | O13: % | P13: R$ | Q13: % | R13: R$ | S13: % | T13: R$ | U13: % | V13: R$ | W13: % | X13: R$ | Y13: % | Z13: R$ | AA13: % | AB13: R$
A14: 1 | B14: =VLOOKUP(A14,ORÇAMENTO!$A$2:$M$24,4,FALSE()) -> ADMINISTRAÇÃO DA OBRA | C14: =VLOOKUP(A14,ORÇAMENTO!$A$2:$M$173,13,FALSE()) -> 0 | D14: =C14/$C$22 -> #DIV/0! | E14: 0.083 | F14: =IF(E14>0,E14*$C14," ") -> 0 | G14: 0.083 | H14: =IF(G14>0,G14*$C14," ") -> 0 | I14: 0.083 | J14: =IF(I14>0,I14*$C14," ") -> 0 | K14: 0.083 | L14: =IF(K14>0,K14*$C14," ") -> 0 | M14: 0.083 | N14: =IF(M14>0,M14*$C14," ") -> 0 | O14: 0.083 | P14: =IF(O14>0,O14*$C14," ") -> 0 | Q14: 0.083 | R14: =IF(Q14>0,Q14*$C14," ") -> 0 | S14: 0.083 | T14: =IF(S14>0,S14*$C14," ") -> 0 | U14: 0.083 | V14: =IF(U14>0,U14*$C14," ") -> 0 | W14: 0.083 | X14: =IF(W14>0,W14*$C14," ") -> 0 | Y14: 0.083 | Z14: =IF(Y14>0,Y14*$C14," ") -> 0 | AA14: 0.087 | AB14: =IF(AA14>0,AA14*$C14," ") -> 0 | AC14: =O14+M14+K14+I14+G14+E14+Q14+S14+U14+W14+Y14+AA14 -> 1
A15: 2 | B15: =VLOOKUP(A15,ORÇAMENTO!$A$2:$M$24,4,FALSE()) -> SERVIÇOS PRELIMINARES | C15: =VLOOKUP(A15,ORÇAMENTO!$A$2:$M$173,13,FALSE()) -> 0 | D15: =C15/$C$22 -> #DIV/0! | E15: 0.52 | F15: =IF(E15>0,E15*$C15," ") -> 0 | G15: 0.28 | H15: =IF(G15>0,G15*$C15," ") -> 0 | I15: 0.02 | J15: =IF(I15>0,I15*$C15," ") -> 0 | K15: 0.02 | L15: =IF(K15>0,K15*$C15," ") -> 0 | M15: 0.02 | N15: =IF(M15>0,M15*$C15," ") -> 0 | O15: 0.02 | P15: =IF(O15>0,O15*$C15," ") -> 0 | Q15: 0.02 | R15: =IF(Q15>0,Q15*$C15," ") -> 0 | S15: 0.02 | T15: =IF(S15>0,S15*$C15," ") -> 0 | U15: 0.02 | V15: =IF(U15>0,U15*$C15," ") -> 0 | W15: 0.02 | X15: =IF(W15>0,W15*$C15," ") -> 0 | Y15: 0.02 | Z15: =IF(Y15>0,Y15*$C15," ") -> 0 | AA15: 0.02 | AB15: =IF(AA15>0,AA15*$C15," ") -> 0 | AC15: =O15+M15+K15+I15+G15+E15+Q15+S15+U15+W15+Y15+AA15 -> 1
A16: 3 | B16: =VLOOKUP(A16,ORÇAMENTO!$A$2:$M$143,4,FALSE()) -> INFRAESTRUTURA E ILUMINAÇÃO | C16: =VLOOKUP(A16,ORÇAMENTO!$A$2:$M$173,13,FALSE()) -> 0 | D16: =C16/$C$22 -> #DIV/0! | F16: =IF(E16>0,E16*$C16," ") | H16: =IF(G16>0,G16*$C16," ") | J16: =IF(I16>0,I16*$C16," ") | L16: =IF(K16>0,K16*$C16," ") | N16: =IF(M16>0,M16*$C16," ") | P16: =IF(O16>0,O16*$C16," ") | R16: =IF(Q16>0,Q16*$C16," ") | T16: =IF(S16>0,S16*$C16," ") | U16: 0.2 | V16: =IF(U16>0,U16*$C16," ") -> 0 | W16: 0.2 | X16: =IF(W16>0,W16*$C16," ") -> 0 | Y16: 0.2 | Z16: =IF(Y16>0,Y16*$C16," ") -> 0 | AA16: 0.4 | AB16: =IF(AA16>0,AA16*$C16," ") -> 0 | AC16: =O16+M16+K16+I16+G16+E16+Q16+S16+U16+W16+Y16+AA16 -> 1
A17: 4 | B17: =VLOOKUP(A17,ORÇAMENTO!$A$2:$M$143,4,FALSE()) -> CALÇADA | C17: =VLOOKUP(A17,ORÇAMENTO!$A$2:$M$173,13,FALSE()) -> 0 | D17: =C17/$C$22 -> #DIV/0! | F17: =IF(E17>0,E17*$C17," ") | H17: =IF(G17>0,G17*$C17," ") | J17: =IF(I17>0,I17*$C17," ") | L17: =IF(K17>0,K17*$C17," ") | N17: =IF(M17>0,M17*$C17," ") | P17: =IF(O17>0,O17*$C17," ") | R17: =IF(Q17>0,Q17*$C17," ") | S17: 0.2 | T17: =IF(S17>0,S17*$C17," ") -> 0 | U17: 0.2 | V17: =IF(U17>0,U17*$C17," ") -> 0 | W17: 0.2 | X17: =IF(W17>0,W17*$C17," ") -> 0 | Y17: 0.2 | Z17: =IF(Y17>0,Y17*$C17," ") -> 0 | AA17: 0.2 | AB17: =IF(AA17>0,AA17*$C17," ") -> 0 | AC17: =O17+M17+K17+I17+G17+E17+Q17+S17+U17+W17+Y17+AA17 -> 1
A18: 5 | B18: =VLOOKUP(A18,ORÇAMENTO!$A$2:$M$143,4,FALSE()) -> VIAS E ESTACIONAMENTOS | C18: =VLOOKUP(A18,ORÇAMENTO!$A$2:$M$173,13,FALSE()) -> 0 | D18: =C18/$C$22 -> #DIV/0! | F18: =IF(E18>0,E18*$C18," ") | H18: =IF(G18>0,G18*$C18," ") | J18: =IF(I18>0,I18*$C18," ") | L18: =IF(K18>0,K18*$C18," ") | N18: =IF(M18>0,M18*$C18," ") | P18: =IF(O18>0,O18*$C18," ") | Q18: 0.1 | R18: =IF(Q18>0,Q18*$C18," ") -> 0 | S18: 0.2 | T18: =IF(S18>0,S18*$C18," ") -> 0 | U18: 0.2 | V18: =IF(U18>0,U18*$C18," ") -> 0 | W18: 0.2 | X18: =IF(W18>0,W18*$C18," ") -> 0 | Y18: 0.2 | Z18: =IF(Y18>0,Y18*$C18," ") -> 0 | AA18: 0.1 | AB18: =IF(AA18>0,AA18*$C18," ") -> 0 | AC18: =O18+M18+K18+I18+G18+E18+Q18+S18+U18+W18+Y18+AA18 -> 1
A19: 6 | B19: =VLOOKUP(A19,ORÇAMENTO!$A$2:$M$143,4,FALSE()) -> DRENAGEM PLUVIAL | C19: =VLOOKUP(A19,ORÇAMENTO!$A$2:$M$173,13,FALSE()) -> 0 | D19: =C19/$C$22 -> #DIV/0! | F19: =IF(E19>0,E19*$C19," ") | G19: 0.1 | H19: =IF(G19>0,G19*$C19," ") -> 0 | I19: 0.2 | J19: =IF(I19>0,I19*$C19," ") -> 0 | K19: 0.2 | L19: =IF(K19>0,K19*$C19," ") -> 0 | M19: 0.2 | N19: =IF(M19>0,M19*$C19," ") -> 0 | O19: 0.2 | P19: =IF(O19>0,O19*$C19," ") -> 0 | Q19: 0.1 | R19: =IF(Q19>0,Q19*$C19," ") -> 0 | T19: =IF(S19>0,S19*$C19," ") | V19: =IF(U19>0,U19*$C19," ") | X19: =IF(W19>0,W19*$C19," ") | Z19: =IF(Y19>0,Y19*$C19," ") | AB19: =IF(AA19>0,AA19*$C19," ") | AC19: =O19+M19+K19+I19+G19+E19+Q19+S19+U19+W19+Y19+AA19 -> 1
A20: 7 | B20: =VLOOKUP(A20,ORÇAMENTO!$A$2:$M$173,4,FALSE()) -> SINALIZAÇÃO VERTICAL | C20: =VLOOKUP(A20,ORÇAMENTO!$A$2:$M$173,13,FALSE()) -> 0 | D20: =C20/$C$22 -> #DIV/0! | F20: =IF(E20>0,E20*$C20," ") | H20: =IF(G20>0,G20*$C20," ") | J20: =IF(I20>0,I20*$C20," ") | L20: =IF(K20>0,K20*$C20," ") | N20: =IF(M20>0,M20*$C20," ") | P20: =IF(O20>0,O20*$C20," ") | R20: =IF(Q20>0,Q20*$C20," ") | T20: =IF(S20>0,S20*$C20," ") | V20: =IF(U20>0,U20*$C20," ") | X20: =IF(W20>0,W20*$C20," ") | Z20: =IF(Y20>0,Y20*$C20," ") | AA20: 1 | AB20: =IF(AA20>0,AA20*$C20," ") -> 0 | AC20: =O20+M20+K20+I20+G20+E20+Q20+S20+U20+W20+Y20+AA20 -> 1
A21: 8 | B21: =VLOOKUP(A21,ORÇAMENTO!$A$2:$M$183,4,FALSE()) -> LIMPEZAS E REMOÇÕES | C21: =VLOOKUP(A21,ORÇAMENTO!$A$2:$M$183,13,FALSE()) -> 0 | D21: =C21/$C$22 -> #DIV/0! | F21: =IF(E21>0,E21*$C21," ") | H21: =IF(G21>0,G21*$C21," ") | I21: 0.05 | J21: =IF(I21>0,I21*$C21," ") -> 0 | K21: 0.1 | L21: =IF(K21>0,K21*$C21," ") -> 0 | M21: 0.1 | N21: =IF(M21>0,M21*$C21," ") -> 0 | O21: 0.1 | P21: =IF(O21>0,O21*$C21," ") -> 0 | Q21: 0.1 | R21: =IF(Q21>0,Q21*$C21," ") -> 0 | S21: 0.1 | T21: =IF(S21>0,S21*$C21," ") -> 0 | U21: 0.1 | V21: =IF(U21>0,U21*$C21," ") -> 0 | W21: 0.1 | X21: =IF(W21>0,W21*$C21," ") -> 0 | Y21: 0.1 | Z21: =IF(Y21>0,Y21*$C21," ") -> 0 | AA21: 0.15 | AB21: =IF(AA21>0,AA21*$C21," ") -> 0 | AC21: =O21+M21+K21+I21+G21+E21+Q21+S21+U21+W21+Y21+AA21 -> 1
B22: TOTAL | C22: =SUM(C14:C21) -> 0 | D22: =C22/$C$22 -> #DIV/0! | J22: =IF(I22>0,I22*$C22," ") | P22: =IF(O22>0,O22*$C22," ") | R22: =IF(Q22>0,Q22*$C22," ") | T22: =IF(S22>0,S22*$C22," ") | V22: =IF(U22>0,U22*$C22," ") | X22: =IF(W22>0,W22*$C22," ") | Z22: =IF(Y22>0,Y22*$C22," ") | AB22: =IF(AA22>0,AA22*$C22," ")
B24: R$ parcial (valor período) | E24: =SUM(F14:F21) -> 0 | G24: =SUM(H14:H21) -> 0 | I24: =SUM(J14:J21) -> 0 | K24: =SUM(L14:L21) -> 0 | M24: =SUM(N14:N21) -> 0 | O24: =SUM(P14:P21) -> 0 | Q24: =SUM(R14:R21) -> 0 | S24: =SUM(T14:T21) -> 0 | U24: =SUM(V14:V21) -> 0 | W24: =SUM(X14:X21) -> 0 | Y24: =SUM(Z14:Z21) -> 0 | AA24: =SUM(AB14:AB21) -> 0
B25: %_parcial (período) | E25: =SUM(E24/$C$22) -> #DIV/0! | G25: =SUM(G24/$C$22) -> #DIV/0! | I25: =SUM(I24/$C$22) -> #DIV/0! | K25: =SUM(K24/$C$22) -> #DIV/0! | M25: =SUM(M24/$C$22) -> #DIV/0! | O25: =SUM(O24/$C$22) -> #DIV/0! | Q25: =SUM(Q24/$C$22) -> #DIV/0! | S25: =SUM(S24/$C$22) -> #DIV/0! | U25: =SUM(U24/$C$22) -> #DIV/0! | W25: =SUM(W24/$C$22) -> #DIV/0! | Y25: =SUM(Y24/$C$22) -> #DIV/0! | AA25: =SUM(AA24/$C$22) -> #DIV/0!
B26: R$_ acumulado | E26: =E24 -> 0 | G26: =E26+G24 -> 0 | I26: =G26+I24 -> 0 | K26: =I26+K24 -> 0 | M26: =K26+M24 -> 0 | O26: =M26+O24 -> 0 | Q26: =O26+Q24 -> 0 | S26: =Q26+S24 -> 0 | U26: =S26+U24 -> 0 | W26: =U26+W24 -> 0 | Y26: =W26+Y24 -> 0 | AA26: =Y26+AA24 -> 0
B27: %_acumulado | E27: =E25 -> #DIV/0! | G27: =G26/$C$22 -> #DIV/0! | I27: =I26/$C$22 -> #DIV/0! | K27: =K26/$C$22 -> #DIV/0! | M27: =M26/$C$22 -> #DIV/0! | O27: =O26/$C$22 -> #DIV/0! | Q27: =Q26/$C$22 -> #DIV/0! | S27: =S26/$C$22 -> #DIV/0! | U27: =U26/$C$22 -> #DIV/0! | W27: =W26/$C$22 -> #DIV/0! | Y27: =Y26/$C$22 -> #DIV/0! | AA27: =AA26/$C$22 -> #DIV/0!
A29: NOTAS:
A30: A. O CRONOGRAMA ACIMA É DE REFERÊNCIA. A EMPRESA DEVE PROPOR, APRESENTAR E SEGUIR SEU CRONOGRAMA PRÓPRIO.
A31: B. A ÚLTIMA PARCELA DEVE OBRIGATORIAMENTE SER MAIOR QUE 11%
A32: C. O PRAZO MÁXIMO PARA EXECUÇÃO É DE 360 DIAS

Sheet COMPOSIÇÕES
D3: UNIVERSIDADE ESTADUAL DO NORTE DO PARANÁ
D4: CNPJ: 08.885.100/0001-54
D5: OBRA : URBANISMO DO CLM
D6: Local: Campus Luiz Meneghel - CLM
D7: Data do orçamento: SETEMBRO 2026
D8: REFERÊNCIA DE PREÇOS : SINAPI PR 08/26 SEM DESONERAÇÃO
D9: RESP. TÉCNICO: LETICIA SACOMAN SAMPAIO - ARQUITETA E URBANISTA - CAU A132694-5 | H9: RESP. TÉCNICO: HENRIQUE FRANCIZ XIMENES DE ANDRADE BILBAO - ENGENHEIRO CIVIL - CREA-PR: 160.587/D
A11: COMPOSIÇÕES UENP - BASE SINAPI
A13: COMP. 01 - CABO DE ALUMINIO NU COM ALMA DE ACO, BITOLA 4 AWG - FORNECIMENTO E INSTALAÇÃO
A14: DESC. | H14: UN: M
B15: COD | D15: UN | E15: QTD | F15: VALOR MAT+EQ | G15: VALOR M.O | H15: VALOR UN | I15: VT MAT+EQ | J15: VT M.O | K15: VT
A16: INSUMO | B16: 841 | C16: CABO DE ALUMINIO NU COM ALMA DE ACO, BITOLA 4 AWG | D16: KG | E16: 0.232 | F16: 0 | G16: 0 | H16: =F16+G16 -> 0 | I16: =F16*E16 -> 0 | J16: =G16*E16 -> 0 | K16: =I16+J16 -> 0
A17: COMPOSICAO | B17: 88247 | C17: AUXILIAR DE ELETRICISTA COM ENCARGOS COMPLEMENTARES | D17: H | E17: 0.03 | F17: 0 | G17: 0 | H17: =G17+F17 -> 0 | I17: =F17*E17 -> 0 | J17: =G17*E17 -> 0 | K17: =I17+J17 -> 0
A18: COMPOSICAO | B18: 88264 | C18: ELETRICISTA COM ENCARGOS COMPLEMENTARES | D18: H | E18: 0.03 | F18: 0 | G18: 0 | H18: =G18+F18 -> 0 | I18: =F18*E18 -> 0 | J18: =G18*E18 -> 0 | K18: =I18+J18 -> 0
I19: =SUM(I16:I18) -> 0 | J19: =SUM(J16:J18) -> 0 | K19: =SUM(K16:K18) -> 0
A21: COMP. 02 - IMPLANTAÇÃO DE ESTRUTURA N3 - FORNECIMENTO E INSTALAÇÃO
A22: DESC. | H22: UN: M
B23: COD | D23: UN | E23: QTD | F23: VALOR MAT+EQ | G23: VALOR M.O | H23: VALOR UN | I23: VT MAT+EQ | J23: VT M.O | K23: VT
A24: COMPOSICAO | B24: 02981 ORSE | C24: IMPLANTAÇÃO DE ESTRUTURA N3-2 | D24: UN | E24: 1 | F24: 0 | G24: 0 | H24: =F24+G24 -> 0 | I24: =F24*E24 -> 0 | J24: =G24*E24 -> 0 | K24: =I24+J24 -> 0
A25: COMPOSICAO | B25: 02844/ORSE | C25: Fornecimento de arruela quadrada 38 mm c/ furo 18 mm | D25: UN | E25: 14 | F25: 0 | G25: 0 | H25: =F25+G25 -> 0 | I25: =F25*E25 -> 0 | J25: =G25*E25 -> 0 | K25: =I25+J25 -> 0
A26: COMPOSICAO | B26: 02862/ORSE | C26: Fornecimento de cruzeta de concreto retangular 1900mm | D26: UN | E26: 2 | F26: 0 | G26: 0 | H26: =F26+G26 -> 0 | I26: =F26*E26 -> 0 | J26: =G26*E26 -> 0 | K26: =I26+J26 -> 0
A27: INSUMO | B27: 01593 ORSE | C27: MÃO FRANCESA PLANA 726MM | D27: UN | E27: 4 | F27: 0 | G27: 0 | H27: =F27+G27 -> 0 | I27: =F27*E27 -> 0 | J27: =G27*E27 -> 0 | K27: =I27+J27 -> 0
A28: INSUMO | B28: 01680 ORSE | C28: PARAFUSO CABEÇA QUADRADA 16 X 250MM | D28: UN | E28: 8 | F28: 0 | G28: 0 | H28: =F28+G28 -> 0 | I28: =F28*E28 -> 0 | J28: =G28*E28 -> 0 | K28: =I28+J28 -> 0
A29: INSUMO | B29: 4337 | C29: PORCA ZINCADA, QUADRADA, DIAMETRO 5/8" | D29: UN | E29: 4 | F29: 0 | G29: 0 | H29: =F29+G29 -> 0 | I29: =F29*E29 -> 0 | J29: =G29*E29 -> 0 | K29: =I29+J29 -> 0
A30: INSUMO | B30: 12362 | C30: PORCA OLHAL EM ACO GALVANIZADO, ESPESSURA 16MM, ABERTURA 21MM | D30: UN | E30: 3 | F30: 0 | G30: 0 | H30: =F30+G30 -> 0 | I30: =F30*E30 -> 0 | J30: =G30*E30 -> 0 | K30: =I30+J30 -> 0
A31: INSUMO | B31: 402 | C31: GANCHO OLHAL EM ACO GALVANIZADO, ESPESSURA 16MM, ABERTURA 21MM | D31: UN | E31: 3 | F31: 0 | G31: 0 | H31: =F31+G31 -> 0 | I31: =F31*E31 -> 0 | J31: =G31*E31 -> 0 | K31: =I31+J31 -> 0
A32: COMPOSICAO | B32: 03066/ORSE | C32: Fornecimento de isolador de disco polimérico 15 kv | D32: UN | E32: 3 | F32: 0 | G32: 0 | H32: =F32+G32 -> 0 | I32: =F32*E32 -> 0 | J32: =G32*E32 -> 0 | K32: =I32+J32 -> 0
A33: COMPOSICAO | B33: 02837/ORSE | C33: Fornecimento de alça preformada de alumínio p/ ca 4 awg | D33: UN | E33: 3 | F33: 0 | G33: 0 | H33: =F33+G33 -> 0 | I33: =F33*E33 -> 0 | J33: =G33*E33 -> 0 | K33: =I33+J33 -> 0
I34: =SUM(I24:I33) -> 0 | J34: =SUM(J24:J33) -> 0 | K34: =SUM(K24:K33) -> 0
A36: COMP. 03 - EXECUÇÃO DE FAIXA ELEVADA COM TOTAL MATERIAL E MÃO DE OBRA
A37: DESC. | H37: UN: M3
B38: COD | D38: UN | E38: QTD | F38: VALOR MAT+EQ | G38: VALOR M.O | H38: VALOR UN | I38: VT MAT+EQ | J38: VT M.O | K38: VT
A39: SICRO | B39: 4011353 | C39: EXECUÇÃO DE PINTURA DE LIGAÇÃO (RR-2C) | D39: M2 | E39: 0.11 | F39: 0 | G39: 0 | H39: =F39+G39 -> 0 | I39: =F39*E39 -> 0 | J39: =G39*E39 -> 0 | K39: =I39+J39 -> 0
A40: SICRO | B40: 4011351 | C40: IMPRIMAÇÃO COM ASFALTO DILUÍDO CM-30 | D40: M2 | E40: 0.11 | F40: 0 | G40: 0 | H40: =F40+G40 -> 0 | I40: =F40*E40 -> 0 | J40: =G40*E40 -> 0 | K40: =I40+J40 -> 0
A41: SICRO | B41: 4011463 | C41: CONCRETO ASFÁLTICO - FAIXA C - AREIA E BRITAS COMERCIAIS | D41: T | E41: 0.11 | F41: 0 | G41: 0 | H41: =F41+G41 -> 0 | I41: =F41*E41 -> 0 | J41: =G41*E41 -> 0 | K41: =I41+J41 -> 0
A42: SINAPI | B42: 95995 | C42: EXECUÇÃO DE PAVIMENTO COM APLICAÇÃO DE CONCRETO ASFÁLTICO, CAMADA DE ROLAMENTO - EXCLUSIVE CARGA E TRANSPORTE. AF_11/2019 | D42: M3 | E42: 1 | F42: 0 | G42: 0 | H42: =F42+G42 -> 0 | I42: =F42*E42 -> 0 | J42: =G42*E42 -> 0 | K42: =I42+J42 -> 0
A43: SICRO | B43: 5914649 | C43: CARGA, MANOBRA E DESCARGA DE MISTURA BETUMINOSA A QUENTE EM CAMINHÃO BASCULANTE DE 10M3 - CARGA EM USINA DE ASFALTO 100/140 T/H E DESCARGA EM VIBROACABADORA | D43: T | E43: 0.11 | F43: 0 | G43: 0 | H43: =F43+G43 -> 0 | I43: =F43*E43 -> 0 | J43: =G43*E43 -> 0 | K43: =I43+J43 -> 0
A44: SICRO | B44: 5914612 | C44: TRANSPORTE DE MISTURA BETUMINOSA A QUENTE COM CAMINHÃO COM CAÇAMBA TÉRMICA DE 6 M3 - RODOVIA PAVIMENTADA | D44: TXKM | E44: 0.11 | F44: 0 | G44: 0 | H44: =F44+G44 -> 0 | I44: =F44*E44 -> 0 | J44: =G44*E44 -> 0 | K44: =I44+J44 -> 0
I45: =SUM(I39:I44) -> 0 | J45: =SUM(J39:J44) -> 0 | K45: =SUM(K39:K44) -> 0
A47: COMP. 04 - FORNECIMENTO E INSTALAÇÃO DE PLACA DE SINALIZAÇÃO VERTICAL VIÁRIA
A48: DESC. | H48: UN: UN
B49: COD | D49: UN | E49: QTD | F49: VALOR MAT+EQ | G49: VALOR M.O | H49: VALOR UN | I49: VT MAT+EQ | J49: VT M.O | K49: VT
A50: SINAPI | B50: 93358 | C50: ESCAVAÇÃO MANUAL DE VALA. AF_09/2024 | D50: M3 | E50: 0.04 | F50: 0 | G50: 0 | H50: =G50+F50 -> 0 | I50: =F50*E50 -> 0 | J50: =G50*E50 -> 0 | K50: =I50+J50 -> 0
A51: SINAPI | B51: 94975 | C51: CONCRETO FCK = 15MPA, TRAÇO 1:3,4:3,5 (EM MASSA SECA DE CIMENTO/ AREIA MÉDIA/ BRITA 1) - PREPARO MANUAL. AF_05/2021 | D51: M3 | E51: =E50 -> 0.04 | F51: 0 | G51: 0 | H51: =G51+F51 -> 0 | I51: =F51*E51 -> 0 | J51: =G51*E51 -> 0 | K51: =I51+J51 -> 0
A52: SINAPI | B52: 88309 | C52: PEDREIRO COM ENCARGOS COMPLEMENTARES | D52: H | E52: 0.5 | F52: 0 | G52: 0 | H52: =G52+F52 -> 0 | I52: =F52*E52 -> 0 | J52: =G52*E52 -> 0 | K52: =I52+J52 -> 0
A53: SINAPI | B53: 88242 | C53: AJUDANTE DE PEDREIRO COM ENCARGOS COMPLEMENTARES | D53: H | E53: 1 | F53: 0 | G53: 0 | H53: =G53+F53 -> 0 | I53: =F53*E53 -> 0 | J53: =G53*E53 -> 0 | K53: =I53+J53 -> 0
A54: ORSE | B54: 10712/ORSE | C54: CONFECÇÃO DE PLACA DE SINALIZAÇÃO TOTALMENTE REFLETIVA | D54: M2 | E54: 0.5 | F54: 0 | G54: 0 | H54: =G54+F54 -> 0 | I54: =F54*E54 -> 0 | J54: =G54*E54 -> 0 | K54: =I54+J54 -> 0
I55: =SUM(I50:I54) -> 0 | J55: =SUM(J50:J54) -> 0 | K55: =SUM(K50:K54) -> 0

Sheet BDI
E3: UNIVERSIDADE ESTADUAL DO NORTE DO PARANÁ
E4: CNPJ: 08.885.100/0001-54
E5: OBRA : URBANISMO DO CLM
E6: Local: Campus Luiz Meneghel - CLM
E7: Data do orçamento: SETEMBRO 2026
E8: REFERÊNCIA DE PREÇOS : SINAPI PR 08/26 SEM DESONERAÇÃO
C9: RESP. TÉCNICO: LETICIA SACOMAN SAMPAIO - ARQUITETA E URBANISTA - CAU A132694-5 | G9: RESP. TÉCNICO: HENRIQUE FRANCIZ XIMENES DE ANDRADE BILBAO - ENGENHEIRO CIVIL - CREA-PR: 160.587/D
A11: COMPOSIÇÃO DO BDI
A12: CUSTO TOTAL DO SERVIÇO (R$)
A13: ITEM | B13: DISCRIMINAÇÃO | E13: VALOR | F13: TAXA (%) | G13: OBSERVAÇÃO | H13: SITUAÇÃO DO INTERVALO ADMISSÍVEL | I13: PARCELAS DO BDI (%)
I14: 1 QUARTIL | J14: MÉDIO | K14: 3 QUARTIL
A15: 1 | B15: AC – ADMINISTRAÇÃO CENTRAL | E15: - | F15: 0.04 | H15: =IF(AND(F15>=I15,F15<=K15),"OK","DIFERE") -> OK | I15: 0.03 | J15: 0.04 | K15: 0.055
A16: 2 | B16: SG – SEGUROS + GARANTIA | E16: - | F16: 0.008 | H16: =IF(AND(F16>=I16,F16<=K16),"OK","DIFERE") -> OK | I16: 0.008 | J16: 0.008 | K16: 0.01
A17: 3 | B17: R – RISCOS | E17: - | F17: 0.0127 | H17: =IF(AND(F17>=I17,F17<=K17),"OK","DIFERE") -> OK | I17: 0.0097 | J17: 0.0127 | K17: 0.0127
A18: 4 | B18: DF – DESPESAS FINANCEIRAS | E18: - | F18: 0.0123 | H18: =IF(AND(F18>=I18,F18<=K18),"OK","DIFERE") -> OK | I18: 0.0059 | J18: 0.0123 | K18: 0.0139
A19: 5 | B19: L – LUCRO BRUTO | E19: - | F19: 0.074 | H19: =IF(AND(F19>=I19,F19<=K19),"OK","DIFERE") -> OK | I19: 0.0616 | J19: 0.074 | K19: 0.0896
A20: 6 | B20: I – IMPOSTOS | E20: - | F20: =SUM(F21:F24) -> 0.0565 | G20: FÓRMULA DO BDI DE ACORDO COM ACÓRDÃO 2.369/2011-TCU- PLENÁRIO
A21: 43836 | B21: PIS | F21: 0.0065
A22: 43867 | B22: COFINS | F22: 0.03
A23: 43896 | B23: ISS (CONFORME LEGISLAÇÃO MUNICIPAL) | F23: 0.02
A24: 43927 | B24: CONTRIB. PREVIDÊNCIA SOBRE RECEITA BRUTA – CPRB | F24: 0
A26: TOTAL DO BDI (R$) | E26: -
A27: PREÇO DE VENDA (R$) | E27: - | G27: ONDE:
A28: BDI (%) | F28: =ROUND(((((1+(F15+F16+F17))*(1+F18)*(1+F19))/(1-F20))-1),4) -> 0.2223 | G28: AC : TAXA DE ADMINISTRAÇÃO CENTRAL
G29: S: TAXA DE SEGURO
A30: Parâmetros do Acórdão 2.622/2013 - Plenário | G30: G: TAXA DE GARANTIAS
A31: Sem CPRB | B31: 0.2034 | C31: 0.2212 | D31: 0.25 | G31: R: TAXA DE RISCOS
A32: Com CPRB | B32: 0.2601 | C32: 0.2787 | D32: 0.3089 | G32: DF: TAXA DE DESPESAS
G33: L: TAXA DE LUCRO
G34: I: TAXA DE INCIDÊNCIA DE IMPOSTOS (PIS, COFINS, ISS, CPRB)
A37: COMPOSIÇÃO DO BDI DIFERENCIADO
A38: CUSTO TOTAL DO SERVIÇO (R$)
A39: ITEM | B39: DISCRIMINAÇÃO | E39: VALOR | F39: TAXA (%) | G39: OBSERVAÇÃO | H39: SITUAÇÃO DO INTERVALO ADMISSÍVEL | I39: PARCELAS DO BDI (%)
I40: 1 QUARTIL | J40: MÉDIO | K40: 3 QUARTIL
A41: 1 | B41: AC – ADMINISTRAÇÃO CENTRAL | F41: 0.015 | H41: =IF(AND(F41>=I41,F41<=K41),"OK","DIFERE") -> OK | I41: 0.015 | J41: 0.0345 | K41: 0.0449
A42: 2 | B42: SG – SEGUROS + GARANTIA | F42: 0.003 | H42: =IF(AND(F42>=I42,F42<=K42),"OK","DIFERE") -> OK | I42: 0.003 | J42: 0.0048 | K42: 0.0082
A43: 3 | B43: R – RISCOS | F43: 0.0056 | H43: =IF(AND(F43>=I43,F43<=K43),"OK","DIFERE") -> OK | I43: 0.0056 | J43: 0.0085 | K43: 0.0089
A44: 4 | B44: DF – DESPESAS FINANCEIRAS | F44: 0.0085 | H44: =IF(AND(F44>=I44,F44<=K44),"OK","DIFERE") -> OK | I44: 0.0085 | J44: 0.0085 | K44: 0.0111
A45: 5 | B45: L – LUCRO BRUTO | F45: 0.0352 | H45: =IF(AND(F45>=I45,F45<=K45),"OK","DIFERE") -> OK | I45: 0.035 | J45: 0.0511 | K45: 0.0622
A46: 6 | B46: I – IMPOSTOS | F46: =SUM(F47:F50) -> 0.0365 | G46: FÓRMULA DO BDI DE ACORDO COM ACÓRDÃO 2.369/2011-TCU- PLENÁRIO
A47: 43836 | B47: PIS | F47: 0.0065
A48: 43867 | B48: COFINS | F48: 0.03
A49: 43896 | B49: ISS (CONFORME LEGISLAÇÃO MUNICIPAL) | F49: 0
A50: 43927 | B50: CONTRIB. PREVIDÊNCIA SOBRE RECEITA BRUTA – CPRB | F50: 0
A52: TOTAL DO BDI (R$)
A53: PREÇO DE VENDA (R$) | G53: ONDE:
A54: BDI (%) | F54: =ROUND((((1+(F41+F42+F43))*(1+F44)*(1+F45))/(1-F46))-1,4) -> 0.1091 | G54: AC : TAXA DE ADMINISTRAÇÃO CENTRAL
G55: S: TAXA DE SEGURO
A56: Parâmetros do Acórdão 2.622/2013 - Plenário | G56: G: TAXA DE GARANTIAS
A57: Sem CPRB | B57: 0.111 | C57: 0.1402 | D57: 0.168 | G57: R: TAXA DE RISCOS
A58: Com CPRB | B58: 0.1634 | C58: 0.1939 | D58: 0.223 | G58: DF: TAXA DE DESPESAS
G59: L: TAXA DE LUCRO
G60: I: TAXA DE INCIDÊNCIA DE IMPOSTOS (PIS, COFINS, ISS, CPRB)
A61: OBS: Para o BDI reduzido, considerou-se nulo o ISS e uma parcela reduzida para administração central e lucro para remunerar os custos inerentes às aquisições e armazenamento por parte da empresa contratada, por isso o valor da taxa de BDI é menor do que a que foi adotada para o restante do orçamento da obra.

Sheet simulações 01
D3: UNIVERSIDADE ESTADUAL DO NORTE DO PARANÁ
D4: CNPJ: 08.885.100/0001-54 | L4: BDI | M4: =BDI!F28 -> 0.2223
D5: OBRA : CERCAMENTO DO CAMPUS JACAREZINHO | L5: BDI dif | M5: 0.1635
D6: Local: Campus Jacarezinho | L6: Total s/BDI | M6: =L14+L20+#ref!+L45+#ref! -> #NAME?
D7: Data do orçamento: Abril de 2022 | L7: Total c/BDI | M7: =SUM(N14:N200) -> #NAME? | N7: 553000 | O7: =N7-M7 -> #NAME?
D8: REFERÊNCIA DE PREÇOS : SINAPI PR 06/21 - SINAPI_Custo_Ref_Composicoes_Analitico_PR_202106_Desonerado.xls
D9: RESP. TÉCNICO: ENG. CIVIL FELIPE SCALA FRANCICA CREA SP 5069900657
A11: ITEM | B11: RESUMO | C11: CÓDIGO | D11: DESCRIÇÃO DOS SERVIÇOS | E11: UN | F11: QTD | G11: UNITÁRIO (SEM BDI) | J11: TOTAL (Valores sem BDI) | M11: VALOR TOTAL C/ BDI
G12: MATERIAL + EQ | H12: MÃO DE OBRA | I12: TOTAL | J12: MATERIAL | K12: MÃO DE OBRA | L12: TOTAL
A14: 1 | D14: CERCA ALAMBRADO | J14: =SUM(J15:J18) -> #NAME? | K14: =SUM(K15:K18) -> #NAME? | L14: =SUM(L15:L18) -> #NAME? | M14: =SUM(M15:M18) -> #NAME? | N14: =M14 -> #NAME?
A15: 1.1 | B15: REMOÇÃO CERCA ANTIGA | C15: COMP.03 | D15: SERVIÇO DE REMOÇÃO DE MOURÃO DE CONCRETO E ARAME EM CERCA. | E15: M | G15: =#ref! -> #NAME? | H15: =#ref! -> #NAME? | I15: =G15+H15 -> #NAME? | J15: =G15*F15 -> #NAME? | K15: =H15*F15 -> #NAME? | L15: =I15*F15 -> #NAME? | M15: =ROUND(L15*(1+$M$4),2) -> #NAME? | O15: =M15 -> #NAME? | P15: =O15/$M$7 -> #NAME?
A16: 1.2 | B16: REMOÇÃO CERCA ANTIGA | C16: 100981 | D16: CARGA, MANOBRA E DESCARGA DE ENTULHO EM CAMINHÃO BASCULANTE 6 M³ - CARGA COM ESCAVADEIRA HIDRÁULICA (CAÇAMBA DE 0,80 M³ / 111 HP) E DESCARGA LIVRE (UNIDADE: M3). AF_07/2020 | E16: M³ | G16: 7.07 | H16: 1.14 | I16: =G16+H16 -> 8.21 | J16: =G16*F16 -> 0 | K16: =H16*F16 -> 0 | L16: =I16*F16 -> 0 | M16: =ROUND(L16*(1+$M$4),2) -> 0 | O16: =M16 -> 0 | P16: =O16/$M$7 -> #NAME?
A17: 1.5 | B17: CERCA ALAMBRADO | C17: COMP.02 | D17: ALAMBRADO EM MOURÕES DE CONCRETO BRAÇO CURVO (260+40), COM TELA 8X8CM DE ARAME GALVANIZADO 14BWG, COM ARAME FARPADO, E INCLUSIVE BALDRAME/MURETA EM CONCRETO. | E17: m | G17: =#ref! -> #NAME? | H17: =#ref! -> #NAME? | I17: =G17+H17 -> #NAME? | J17: =G17*F17 -> #NAME? | K17: =H17*F17 -> #NAME? | L17: =I17*F17 -> #NAME? | M17: =ROUND(L17*(1+$M$4),2) -> #NAME? | O17: =M17 -> #NAME? | P17: =O17/$M$7 -> #NAME?
A18: 1.5 | B18: CERCA PALITO | C18: COMP.05 | D18: CERCA PALITO EM MOURÕES DE CONCRETO RETO, H=3,0m, INCLUSIVE BALDRAME/MURETA EM CONCRETO. | E18: m | G18: =#ref! -> #NAME? | H18: =#ref! -> #NAME? | I18: =G18+H18 -> #NAME? | J18: =G18*F18 -> #NAME? | K18: =H18*F18 -> #NAME? | L18: =I18*F18 -> #NAME? | M18: =ROUND(L18*(1+$M$4),2) -> #NAME? | O18: =M18 -> #NAME? | P18: =O18/$M$7 -> #NAME?
A20: 2 | D20: LIMPEZA TERRENO E MOVIMENTO DE SOLO | J20: =SUM(J21:J24) -> 0 | K20: =SUM(K21:K24) -> 0 | L20: =SUM(L21:L24) -> 0 | M20: =SUM(M21:M24) -> 0 | N20: =M20 -> 0
A21: 2.1 | B21: CORTE/PODA PONTUAL ÁRVORES | C21: 98530 | D21: CORTE RASO E RECORTE DE ÁRVORE COM DIÂMETRO DE TRONCO MAIOR OU IGUAL A 0,40 M E MENOR QUE 0,60 M.AF_05/2018 | E21: UN | G21: 36.16 | H21: 74.92 | I21: =G21+H21 -> 111.08 | J21: =G21*F21 -> 0 | K21: =H21*F21 -> 0 | L21: =I21*F21 -> 0 | M21: =ROUND(L21*(1+$M$4),2) -> 0 | O21: =M21 -> 0 | P21: =O21/$M$7 -> #NAME?
A22: 2.2 | B22: CORTE/PODA PONTUAL ÁRVORES | C22: 98526 | D22: REMOÇÃO DE RAÍZES REMANESCENTES DE TRONCO DE ÁRVORE COM DIÂMETRO MAIOR OU IGUAL A 0,20 M E MENOR QUE 0,40 M.AF_05/2018 | E22: UN | G22: 44.11 | H22: 31.49 | I22: =G22+H22 -> 75.6 | J22: =G22*F22 -> 0 | K22: =H22*F22 -> 0 | L22: =I22*F22 -> 0 | M22: =ROUND(L22*(1+$M$4),2) -> 0 | O22: =M22 -> 0 | P22: =O22/$M$7 -> #NAME?
A23: 2.2.1 | B23: REMOÇÃO DA VEGETAÇÃO FAIXA 3M | C23: 98525 | D23: LIMPEZA MECANIZADA DE CAMADA VEGETAL, VEGETAÇÃO E PEQUENAS ÁRVORES (DIÂMETRO DE TRONCO MENOR QUE 0,20 M), COM TRATOR DE ESTEIRAS.AF_05/2018 | E23: m² | G23: 0.18 | H23: 0.17 | I23: =G23+H23 -> 0.35 | J23: =G23*F23 -> 0 | K23: =H23*F23 -> 0 | L23: =I23*F23 -> 0 | M23: =ROUND(L23*(1+$M$4),2) -> 0
A24: 2.3 | B24: ESCAVAR SOLO EXCEDENTE RUA NOVOS BLOCOS; TRANSPORTE SOLO PARA ATERRO | C24: 100975 | D24: CARGA, MANOBRA E DESCARGA DE SOLOS E MATERIAIS GRANULARES EM CAMINHÃO BASCULANTE 14 M³ - CARGA COM PÁ CARREGADEIRA (CAÇAMBA DE 1,7 A 2,8 M³ / 128 HP) E DESCARGA LIVRE (UNIDADE: M3). AF_07/2020 | E24: M³ | G24: 7 | H24: 0.7 | I24: =G24+H24 -> 7.7 | J24: =G24*F24 -> 0 | K24: =H24*F24 -> 0 | L24: =I24*F24 -> 0 | M24: =ROUND(L24*(1+$M$4),2) -> 0 | O24: =M24 -> 0 | P24: =O24/$M$7 -> #NAME?
A26: 3 | D26: ILUMINAÇÃO | J26: =SUM(J28:J48) -> 0 | K26: =SUM(K28:K48) -> 0 | L26: =SUM(L28:L48) -> 0 | M26: =SUM(M28:M48) -> 0 | N26: =M26 -> 0 | O26: =UPPER(B26)
A27: 3.1 | D27: INSTALAÇÃO DE POSTES
A28: 3.1.1 | B28: POSTE | C28: 00332/ORSE | D28: POSTE DE CONCRETO DUPLO T (DT) 9/300 - FORNECIMENTO E ASSENTAMENTO | E28: un | G28: 845.74 | H28: 182.7 | I28: =G28+H28 -> 1028.44 | J28: =G28*F28 -> 0 | K28: =H28*F28 -> 0 | L28: =I28*F28 -> 0 | M28: =ROUND(L28*(1+$M$4),2) -> 0 | O28: =M28 -> 0 | P28: =O28/$M$7 -> #NAME?
A29: 3.1.2 | B29: REFLETOR | C29: 101654 | D29: LUMINÁRIA DE LED PARA ILUMINAÇÃO PÚBLICA, DE 33 W ATÉ 50 W - FORNECIMENTO E INSTALAÇÃO. AF_08/2020 | E29: un | G29: 286.05 | H29: 12.35 | I29: =G29+H29 -> 298.4 | J29: =G29*F29 -> 0 | K29: =H29*F29 -> 0 | L29: =I29*F29 -> 0 | M29: =ROUND(L29*(1+$M$4),2) -> 0 | O29: =M29 -> 0 | P29: =O29/$M$7 -> #NAME?
A30: 3.1.3 | B30: RELE | C30: 101632 | D30: RELÉ FOTOELÉTRICO PARA COMANDO DE ILUMINAÇÃO EXTERNA 1000 W - FORNECIMENTO E INSTALAÇÃO. AF_08/2020 | E30: UN | G30: 53.6 | H30: 0.54 | I30: =G30+H30 -> 54.14 | J30: =G30*F30 -> 0 | K30: =H30*F30 -> 0 | L30: =I30*F30 -> 0 | M30: =ROUND(L30*(1+$M$4),2) -> 0 | O30: =M30 -> 0 | P30: =O30/$M$7 -> #NAME?
A31: 3.1.4 | B31: SUPORTE LUMINÁRIA | C31: 101636 | D31: BRAÇO PARA ILUMINAÇÃO PÚBLICA, EM TUBO DE AÇO GALVANIZADO, COMPRIMENTO DE 1,50 M, PARA FIXAÇÃO EM POSTE DE CONCRETO - FORNECIMENTO E INSTALAÇÃO. AF_08/2020 | E31: UN | G31: 137.1 | H31: 26.96 | I31: =G31+H31 -> 164.06 | J31: =G31*F31 -> 0 | K31: =H31*F31 -> 0 | L31: =I31*F31 -> 0 | M31: =ROUND(L31*(1+$M$4),2) -> 0 | O31: =M31 -> 0 | P31: =O31/$M$7 -> #NAME?
A32: 3.1.5 | B32: CONDULETE | C32: 95777 | D32: CONDULETE DE ALUMÍNIO, TIPO B, PARA ELETRODUTO DE AÇO GALVANIZADO DN 20 MM (3/4''), APARENTE - FORNECIMENTO E INSTALAÇÃO. AF_11/2016_P | E32: un | G32: 17.25 | H32: 11.53 | I32: =G32+H32 -> 28.78 | J32: =G32*F32 -> 0 | K32: =H32*F32 -> 0 | L32: =I32*F32 -> 0 | M32: =ROUND(L32*(1+$M$4),2) -> 0 | O32: =M32 -> 0 | P32: =O32/$M$7 -> #NAME?
A33: 3.1.6 | B33: ÂNCORA | C33: 98463 | D33: SUPORTE ISOLADOR PARA CORDOALHA DE COBRE - FORNECIMENTO E INSTALAÇÃO. AF_12/2017 | E33: un | G33: 13.16 | H33: 10.65 | I33: =G33+H33 -> 23.81 | J33: =G33*F33 -> 0 | K33: =H33*F33 -> 0 | L33: =I33*F33 -> 0 | M33: =ROUND(L33*(1+$M$4),2) -> 0 | O33: =M33 -> 0 | P33: =O33/$M$7 -> #NAME?
A34: 3.1.7 | B34: FUNDAÇÃO POSTE EM ROCHA | C34: 93358 | D34: ESCAVAÇÃO MANUAL DE VALA COM PROFUNDIDADE MENOR OU IGUAL A 1,30 M. AF_02/2021 | E34: m³ | G34: 25.76 | H34: 52.48 | I34: =G34+H34 -> 78.24 | J34: =G34*F34 -> 0 | K34: =H34*F34 -> 0 | L34: =I34*F34 -> 0 | M34: =ROUND(L34*(1+$M$4),2) -> 0 | O34: =M34 -> 0 | P34: =O34/$M$7 -> #NAME?
A35: 3.1.8 | B35: FUNDAÇÃO POSTE EM ROCHA | C35: 94970 | D35: CONCRETO FCK = 20MPA, TRAÇO 1:2,7:3 (EM MASSA SECA DE CIMENTO/ AREIA MÉDIA/ BRITA 1) - PREPARO MECÂNICO COM BETONEIRA 600 L. AF_05/2021 | E35: m³ | G35: 313.84 | H35: 44.3 | I35: =G35+H35 -> 358.14 | J35: =G35*F35 -> 0 | K35: =H35*F35 -> 0 | L35: =I35*F35 -> 0 | M35: =ROUND(L35*(1+$M$4),2) -> 0 | O35: =M35 -> 0 | P35: =O35/$M$7 -> #NAME?
A36: 3.1.9 | B36: FUNDAÇÃO POSTE EM ROCHA | C36: 96536 | D36: FABRICAÇÃO, MONTAGEM E DESMONTAGEM DE FÔRMA PARA VIGA BALDRAME, EM MADEIRA SERRADA, E=25 MM, 4 UTILIZAÇÕES. AF_06/2017 | E36: M² | G36: 54.5 | H36: 28.65 | I36: =G36+H36 -> 83.15 | J36: =G36*F36 -> 0 | K36: =H36*F36 -> 0 | L36: =I36*F36 -> 0 | M36: =ROUND(L36*(1+$M$4),2) -> 0 | O36: =M36 -> 0 | P36: =O36/$M$7 -> #NAME?
A37: 3.1.10 | B37: FUNDAÇÃO POSTE EM ROCHA | C37: 96544 | D37: ARMAÇÃO DE BLOCO, VIGA BALDRAME OU SAPATA UTILIZANDO AÇO CA-50 DE 6,3 MM - MONTAGEM. AF_06/2017 | E37: kg | G37: 12.45 | H37: 4.3 | I37: =G37+H37 -> 16.75 | J37: =G37*F37 -> 0 | K37: =H37*F37 -> 0 | L37: =I37*F37 -> 0 | M37: =ROUND(L37*(1+$M$4),2) -> 0 | O37: =M37 -> 0 | P37: =O37/$M$7 -> #NAME?
A38: 3.2 | D38: INSTALAÇÕES ELÉTRICAS
A39: 3.2.1 | B39: CX PASSAGEM | C39: 97882 | D39: CAIXA ENTERRADA ELÉTRICA RETANGULAR, EM CONCRETO PRÉ-MOLDADO, FUNDO COM BRITA, DIMENSÕES INTERNAS: 0,4X0,4X0,4 M. AF_12/2020 | E39: un | G39: 112.57 | H39: 27.5 | I39: =G39+H39 -> 140.07 | J39: =G39*F39 -> 0 | K39: =H39*F39 -> 0 | L39: =I39*F39 -> 0 | M39: =ROUND(L39*(1+$M$4),2) -> 0 | O39: =M39 -> 0 | P39: =O39/$M$7 -> #NAME?
A40: 3.2.2 | B40: ELÉTRICA | C40: 93666 | D40: DISJUNTOR BIPOLAR TIPO DIN, CORRENTE NOMINAL DE 50A - FORNECIMENTO E INSTALAÇÃO. AF_10/2020 | E40: un | G40: 67.15 | H40: 12.68 | I40: =G40+H40 -> 79.83 | J40: =G40*F40 -> 0 | K40: =H40*F40 -> 0 | L40: =I40*F40 -> 0 | M40: =ROUND(L40*(1+$M$4),2) -> 0 | O40: =M40 -> 0 | P40: =O40/$M$7 -> #NAME?
A41: 3.2.3 | B41: ELÉTRICA | C41: 101877 | D41: QUADRO DE DISTRIBUIÇÃO DE ENERGIA EM PVC, DE EMBUTIR, SEM BARRAMENTO, PARA 3 DISJUNTORES - FORNECIMENTO E INSTALAÇÃO. AF_10/2020 | E41: un | G41: 48.93 | H41: 10.27 | I41: =G41+H41 -> 59.2 | J41: =G41*F41 -> 0 | K41: =H41*F41 -> 0 | L41: =I41*F41 -> 0 | M41: =ROUND(L41*(1+$M$4),2) -> 0 | O41: =M41 -> 0 | P41: =O41/$M$7 -> #NAME?
A42: 3.2.4 | B42: ELÉTRICA (120+85+7+7) | C42: 91927 | D42: CABO DE COBRE FLEXÍVEL ISOLADO, 2,5 MM², ANTI-CHAMA 0,6/1,0 KV, PARA CIRCUITOS TERMINAIS - FORNECIMENTO E INSTALAÇÃO. AF_12/2015 | E42: M | G42: 4.29 | H42: 1 | I42: =G42+H42 -> 5.29 | J42: =G42*F42 -> 0 | K42: =H42*F42 -> 0 | L42: =I42*F42 -> 0 | M42: =ROUND(L42*(1+$M$4),2) -> 0 | O42: =M42 -> 0 | P42: =O42/$M$7 -> #NAME?
A43: 3.2.5 | B43: ELÉTRICA | C43: 91929 | D43: CABO DE COBRE FLEXÍVEL ISOLADO, 4 MM², ANTI-CHAMA 0,6/1,0 KV, PARA CIRCUITOS TERMINAIS - FORNECIMENTO E INSTALAÇÃO. AF_12/2015 | E43: M | G43: 6.09 | H43: 1.32 | I43: =G43+H43 -> 7.41 | J43: =G43*F43 -> 0 | K43: =H43*F43 -> 0 | L43: =I43*F43 -> 0 | M43: =ROUND(L43*(1+$M$4),2) -> 0 | O43: =M43 -> 0 | P43: =O43/$M$7 -> #NAME?
A44: 3.2.6 | B44: ELÉTRICA | C44: 91931 | D44: CABO DE COBRE FLEXÍVEL ISOLADO, 6 MM², ANTI-CHAMA 0,6/1,0 KV, PARA CIRCUITOS TERMINAIS - FORNECIMENTO E INSTALAÇÃO. AF_12/2015 | E44: M | G44: 8.29 | H44: 1.72 | I44: =G44+H44 -> 10.01 | J44: =G44*F44 -> 0 | K44: =H44*F44 -> 0 | L44: =I44*F44 -> 0 | M44: =ROUND(L44*(1+$M$4),2) -> 0 | O44: =M44 -> 0 | P44: =O44/$M$7 -> #NAME?
A45: 3.2.7 | B45: ELÉTRICA DUTO ENTERRADO | C45: 91856 | D45: ELETRODUTO FLEXÍVEL CORRUGADO, PVC, DN 32 MM (1"), PARA CIRCUITOS TERMINAIS | E45: m | G45: 7.24 | H45: 5.51 | I45: =G45+H45 -> 12.75 | J45: =G45*F45 -> 0 | K45: =H45*F45 -> 0 | L45: =I45*F45 -> 0 | M45: =ROUND(L45*(1+$M$4),2) -> 0 | O45: =M45 -> 0 | P45: =O45/$M$7 -> #NAME?
A46: 3.2.8 | B46: ELÉTRICA DUTO ENTERRADO | C46: 93358 | D46: ESCAVAÇÃO MANUAL DE VALA COM PROFUNDIDADE MENOR OU IGUAL A 1,30 M. AF_02/2021 | E46: M³ | G46: 25.76 | H46: 52.48 | I46: =G46+H46 -> 78.24 | J46: =G46*F46 -> 0 | K46: =H46*F46 -> 0 | L46: =I46*F46 -> 0 | M46: =ROUND(L46*(1+$M$4),2) -> 0 | O46: =M46 -> 0 | P46: =O46/$M$7 -> #NAME?
A47: 3.2.9 | B47: ELÉTRICA DUTO ENTERRADO | C47: 93382 | D47: REATERRO MANUAL DE VALAS COM COMPACTAÇÃO MECANIZADA. AF_04/2016 | E47: M³ | G47: 11.54 | H47: 18.95 | I47: =G47+H47 -> 30.49 | J47: =G47*F47 -> 0 | K47: =H47*F47 -> 0 | L47: =I47*F47 -> 0 | M47: =ROUND(L47*(1+$M$4),2) -> 0 | O47: =M47 -> 0 | P47: =O47/$M$7 -> #NAME?
A48: 3.2.10 | B48: ELÉTRICA | C48: 91862 | D48: ELETRODUTO RÍGIDO ROSCÁVEL, PVC, DN 20 MM (1/2"), PARA CIRCUITOS TERMINAIS, INSTALADO EM FORRO - FORNECIMENTO E INSTALAÇÃO. AF_12/2015 | E48: m | G48: 6.87 | H48: 3.61 | I48: =G48+H48 -> 10.48 | J48: =G48*F48 -> 0 | K48: =H48*F48 -> 0 | L48: =I48*F48 -> 0 | M48: =ROUND(L48*(1+$M$4),2) -> 0 | O48: =M48 -> 0 | P48: =O48/$M$7 -> #NAME?
A50: 4 | D50: CALÇADA | J50: =SUM(J54:J60) -> 36865.58 | K50: =SUM(K54:K60) -> 7463.708 | L50: =SUM(L54:L60) -> 44329.288 | M50: =SUM(M52:M60) -> 97417.85 | N50: =M50 -> 97417.85 | O50: =UPPER(B50)
A51: 4.1 | D51: PAVIMENTO
A52: 2.2.2 | B52: REGULARIZAÇÃO DA ÁREA DA CALÇADA | C52: 100575 | D52: REGULARIZAÇÃO DE SUPERFÍCIES COM MOTONIVELADORA. AF_11/2019 | E52: M² | F52: =1192 -> 1192 | G52: 0.07 | H52: 0.04 | I52: =G52+H52 -> 0.11 | J52: =G52*F52 -> 83.44 | K52: =H52*F52 -> 47.68 | L52: =I52*F52 -> 131.12 | M52: =ROUND(L52*(1+$M$4),2) -> 160.27 | O52: R$ 80,96 | P52: 0.0001
A53: 4.1.1 | B53: CALÇADA - CONCRETO 5CM (INCLUSIVE RAMPAS) | C53: 94271 | D53: GUIA (MEIO-FIO) E SARJETA CONJUGADOS DE CONCRETO, MOLDADA IN LOCO EM TRECHO RETO COM EXTRUSORA, 65 CM BASE (15 CM BASE DA GUIA + 50 CM BASE DA SARJETA) X 26 CM ALTURA. AF_06/2016 | E53: m | F53: 479 | G53: 54.85 | H53: 18.72 | I53: =G53+H53 -> 73.57 | J53: =G53*F53 -> 26273.15 | K53: =H53*F53 -> 8966.88 | L53: =I53*F53 -> 35240.03 | M53: =ROUND(L53*(1+$M$4),2) -> 43073.89 | O53: =M53 -> 43073.89 | P53: =O53/$M$7 -> #NAME?
A54: 4.1.1 | B54: CALÇADA - CONCRETO 5CM (INCLUSIVE RAMPAS) | C54: 94991 | D54: EXECUÇÃO DE PASSEIO (CALÇADA) OU PISO DE CONCRETO COM CONCRETO MOLDADO IN LOCO, USINADO, ACABAMENTO CONVENCIONAL, NÃO ARMADO. AF_07/2016 | E54: M³ | F54: =1192*0.05 -> 59.6 | G54: 481.27 | H54: 80.25 | I54: =G54+H54 -> 561.52 | J54: =G54*F54 -> 28683.692 | K54: =H54*F54 -> 4782.9 | L54: =I54*F54 -> 33466.592 | M54: =ROUND(L54*(1+$M$4),2) -> 40906.22 | O54: =M54 -> 40906.22 | P54: =O54/$M$7 -> #NAME?
A55: 4.1.2 | B55: CALÇADA - TRECHO ARMADO (ENTRADA PORTÃO) | C55: 21141 | D55: TELA DE ACO SOLDADA NERVURADA, CA-60, Q-92, (1,48 KG/M2), DIAMETRO DO FIO = 4,2 MM, LARGURA = 2,45 X 60 M DE COMPRIMENTO, ESPACAMENTO DA MALHA = 15 X 15 CM | E55: M² | G55: 17.75 | H55: 0 | I55: =G55+H55 -> 17.75 | J55: =G55*F55 -> 0 | K55: =H55*F55 -> 0 | L55: =I55*F55 -> 0 | M55: =ROUND(L55*(1+$M$4),2) -> 0 | O55: =M55 -> 0 | P55: =O55/$M$7 -> #NAME?
A56: 4.1.3 | B56: PISO TÁTIL - CALÇADA NOVA + TRECHO EXSITENTE | C56: 07324/ORSE | D56: PISO TÁTIL DIRECIONAL E/OU ALERTA, DE CONCRETO, COLORIDO, P/DEFICIENTES VISUAIS, DIMENSÕES 25X25CM, APLICADO COM ARGAMASSA INDUSTRIALIZADA AC-II, REJUNTADO, EXCLUSIVE REGULARIZAÇÃO DE BASE | E56: M² | F56: =(F52/2.5)*(4*0.25*0.25) -> 119.2 | G56: 68.64 | H56: 22.49 | I56: =G56+H56 -> 91.13 | J56: =G56*F56 -> 8181.888 | K56: =H56*F56 -> 2680.808 | L56: =I56*F56 -> 10862.696 | M56: =ROUND(L56*(1+$M$4),2) -> 13277.47 | O56: =M56 -> 13277.47 | P56: =O56/$M$7 -> #NAME?
A57: 4.2 | D57: DRENAGEM/PASSARELA | O57: =M57 -> 0 | P57: =O57/$M$7 -> #NAME?
A58: 4.2.1 | B58: CANALETA e=5cm | C58: 94991 | D58: PISO DE CONCRETO COM CONCRETO MOLDADO IN LOCO, USINADO, ACABAMENTO CONVENCIONAL, NÃO ARMADO. AF_07/2016 | E58: M³ | G58: 481.27 | H58: 80.25 | I58: =G58+H58 -> 561.52 | J58: =G58*F58 -> 0 | K58: =H58*F58 -> 0 | L58: =I58*F58 -> 0 | M58: =ROUND(L58*(1+$M$4),2) -> 0 | O58: =M58 -> 0 | P58: =O58/$M$7 -> #NAME?
A59: 4.2.2 | B59: CINTA DE APOIO/BALDRAME | C59: 93204 | D59: CINTA DE AMARRAÇÃO DE ALVENARIA MOLDADA IN LOCO EM CONCRETO. AF_03/2016 | E59: M | G59: 54.41 | H59: 14.68 | I59: =G59+H59 -> 69.09 | J59: =G59*F59 -> 0 | K59: =H59*F59 -> 0 | L59: =I59*F59 -> 0 | M59: =ROUND(L59*(1+$M$4),2) -> 0 | O59: =M59 -> 0 | P59: =O59/$M$7 -> #NAME?
A60: 4.2.3 | B60: LAJE PASSARELA | C60: 101963 | D60: LAJE PRÉ-MOLDADA UNIDIRECIONAL, BIAPOIADA, PARA PISO, ENCHIMENTO EM CERÂMICA, VIGOTA CONVENCIONAL, ALTURA TOTAL DA LAJE (ENCHIMENTO+CAPA) = (8+4). AF_11/2020 | E60: M² | G60: 152.09 | H60: 25.82 | I60: =G60+H60 -> 177.91 | J60: =G60*F60 -> 0 | K60: =H60*F60 -> 0 | L60: =I60*F60 -> 0 | M60: =ROUND(L60*(1+$M$4),2) -> 0 | O60: =M60 -> 0 | P60: =O60/$M$7 -> #NAME?
A62: 5 | D62: PORTAL DE ACESSO | J62: =SUM(J65:J81) -> 0 | K62: =SUM(K65:K81) -> 0 | L62: =SUM(L65:L81) -> 0 | M62: =SUM(M65:M81) -> 0 | N62: =M62 -> 0 | O62: =UPPER(B62)
A63: 5.1 | D63: GUARITA
D64: FUNDAÇÃO
A65: 5.1.1 | B65: TRU - BROCA | C65: 101174 | D65: ESTACA BROCA DE CONCRETO, DIÂMETRO DE 25CM, ESCAVAÇÃO MANUAL COM TRADO CONCHA, COM ARMADURA | E65: M | G65: 44.62 | H65: 31.29 | I65: =G65+H65 -> 75.91 | J65: =G65*F65 -> 0 | K65: =H65*F65 -> 0 | L65: =I65*F65 -> 0 | M65: =ROUND(L65*(1+$M$4),2) -> 0 | R65: =F65 -> 0
A66: 5.1.2 | B66: VALA - BALDRAME/BLOCOS | C66: 93358 | D66: ESCAVAÇÃO MANUAL DE VALA COM PROFUNDIDADE MENOR OU IGUAL A 1,30 M. AF_02/2021 | E66: m³ | G66: 25.76 | H66: 52.48 | I66: =G66+H66 -> 78.24 | J66: =G66*F66 -> 0 | K66: =H66*F66 -> 0 | L66: =I66*F66 -> 0 | M66: =ROUND(L66*(1+$M$4),2) -> 0
A67: 5.1.3 | B67: TRU - CONCRETO BLOCO/BALDRAME | C67: 94971 | D67: CONCRETO FCK = 25MPA, TRAÇO 1:2,3:2,7 (EM MASSA SECA DE CIMENTO/ AREIA MÉDIA/ BRITA 1) - PREPARO MECÂNICO COM BETONEIRA 600 L. AF_05/2021 | E67: M³ | G67: 334.83 | H67: 43.31 | I67: =G67+H67 -> 378.14 | J67: =G67*F67 -> 0 | K67: =H67*F67 -> 0 | L67: =I67*F67 -> 0 | M67: =ROUND(L67*(1+$M$4),2) -> 0 | R67: =F67 -> 0
A68: 5.1.4 | B68: TRU - ARMAÇÃO BLOCO / BALDRAME | C68: 92775 | D68: ARMAÇÃO DE PILAR OU VIGA DE UMA ESTRUTURA CONVENCIONAL DE CONCRETO ARMADO EM UMA EDIFICAÇÃO TÉRREA OU SOBRADO UTILIZANDO AÇO CA-60 DE 5,0 MM - MONTAGEM. AF_12/2015 | E68: KG | G68: 12.09 | H68: 6.24 | I68: =G68+H68 -> 18.33 | J68: =G68*F68 -> 0 | K68: =H68*F68 -> 0 | L68: =I68*F68 -> 0 | M68: =ROUND(L68*(1+$M$4),2) -> 0
A69: 5.1.5 | B69: TRU - ARMAÇÃO BLOCO / BALDRAME | C69: 92777 | D69: ARMAÇÃO DE PILAR OU VIGA DE UMA ESTRUTURA CONVENCIONAL DE CONCRETO ARMADO EM UMA EDIFICAÇÃO TÉRREA OU SOBRADO UTILIZANDO AÇO CA-50 DE 8,0 MM - MONTAGEM. AF_12/2015 | E69: KG | G69: 12.32 | H69: 3.11 | I69: =G69+H69 -> 15.43 | J69: =G69*F69 -> 0 | K69: =H69*F69 -> 0 | L69: =I69*F69 -> 0 | M69: =ROUND(L69*(1+$M$4),2) -> 0 | R69: =F69 -> 0
A70: 5.1.6 | B70: TRU - FORMAS (BALDRAME) | C70: 96542 | D70: FABRICAÇÃO, MONTAGEM E DESMONTAGEM DE FÔRMA PARA VIGA BALDRAME, EM CHAPA DE MADEIRA COMPENSADA RESINADA, E=17 MM, 4 UTILIZAÇÕES. AF_06/2017 | E70: M² | G70: 40.67 | H70: 43.79 | I70: =G70+H70 -> 84.46 | J70: =G70*F70 -> 0 | K70: =H70*F70 -> 0 | L70: =I70*F70 -> 0 | M70: =ROUND(L70*(1+$M$4),2) -> 0 | R70: =F70 -> 0
A71: 5.1.7 | B71: IMPERMEABILIZAÇÃO FUNDAÇÃO | C71: 98557 | D71: IMPERMEABILIZAÇÃO DE SUPERFÍCIE COM EMULSÃO ASFÁLTICA, 2 DEMÃOS AF_06/2018 | E71: M² | G71: 29.03 | H71: 9.14 | I71: =G71+H71 -> 38.17 | J71: =G71*F71 -> 0 | K71: =H71*F71 -> 0 | L71: =I71*F71 -> 0 | M71: =ROUND(L71*(1+$M$4),2) -> 0 | R71: =F71 -> 0
A73: 5.1.8 | B73: REMOÇÕES, LIMPEZA E NIVELAMENTO | C73: 98525 | D73: LIMPEZA MECANIZADA DE CAMADA VEGETAL, VEGETAÇÃO E PEQUENAS ÁRVORES (DIÂMETRO DE TRONCO MENOR QUE 0,20 M), COM TRATOR DE ESTEIRAS.AF_05/2018 | E73: M² | G73: 0.18 | H73: 0.17 | I73: =G73+H73 -> 0.35 | J73: =G73*F73 -> 0 | K73: =H73*F73 -> 0 | L73: =I73*F73 -> 0 | M73: =ROUND(L73*(1+$M$4),2) -> 0
A74: 5.1.9 | B74: REGULARIZAÇÃO DA ÁREA DA CALÇADA | C74: 100575 | D74: REGULARIZAÇÃO DE SUPERFÍCIES COM MOTONIVELADORA. AF_11/2019 | E74: M² | G74: 0.07 | H74: 0.04 | I74: =G74+H74 -> 0.11 | J74: =G74*F74 -> 0 | K74: =H74*F74 -> 0 | L74: =I74*F74 -> 0 | M74: =ROUND(L74*(1+$M$4),2) -> 0 | O74: R$ 80,96 | P74: 0.0001
A75: 5.1.10 | B75: CONTRAPISO ARMADO | C75: 94992 | D75: PISO DE CONCRETO COM CONCRETO MOLDADO IN LOCO, FEITO EM OBRA, ACABAMENTO CONVENCIONAL, ESPESSURA 6 CM, ARMADO. AF_07/2016 | E75: M² | G75: 72.84 | H75: 15.44 | I75: =G75+H75 -> 88.28 | J75: =G75*F75 -> 0 | K75: =H75*F75 -> 0 | L75: =I75*F75 -> 0 | M75: =ROUND(L75*(1+$M$4),2) -> 0
A76: 3.4 | B76: PAREDES DE ALVENARIA | C76: 103334 | D76: ALVENARIA DE VEDAÇÃO DE BLOCOS CERÂMICOS FURADOS NA HORIZONTAL DE 14X9X19 CM (ESPESSURA 14 CM, BLOCO DEITADO) E ARGAMASSA DE ASSENTAMENTO COM PREPARO EM BETONEIRA. AF_12/2021 | E76: m² | G76: 73.87 | H76: 60.09 | I76: =G76+H76 -> 133.96 | J76: =G76*F76 -> 0 | K76: =H76*F76 -> 0 | L76: =I76*F76 -> 0 | M76: =ROUND(L76*(1+$M$4),2) -> 0 | O76: R$ 768,94 | P76: 1 | S76: R$ 0,00 | T76: 0 | W76: R$ 0,00 | X76: 0 | AA76: R$ 0,00 | AB76: 0 | AE76: R$ 0,00 | AF76: 0 | AH76: R$ 768,94 | AI76: 1
D77: ESQUADRIAS
A78: 6.1 | B78: JANELA 2,0X1,0m | C78: 94570 | D78: JANELA DE ALUMÍNIO DE CORRER COM 2 FOLHAS PARA VIDROS, COM VIDROS, BATENTE, ACABAMENTO COM ACETATO OU BRILHANTE E FERRAGENS. EXCLUSIVE ALIZAR E CONTRAMARCO. FORNECIMENTO E INSTALAÇÃO. AF_12/2019 | E78: m² | G78: 344.77 | H78: 13.16 | I78: =G78+H78 -> 357.93 | J78: =G78*F78 -> 0 | K78: =H78*F78 -> 0 | L78: =I78*F78 -> 0 | M78: =ROUND(L78*(1+$M$4),2) -> 0
A79: 6.1 | B79: JANELA FIXA - 2UN | C79: 100674 | D79: JANELA FIXA DE ALUMÍNIO PARA VIDRO, COM VIDRO, BATENTE E FERRAGENS. EXCLUSIVE ACABAMENTO, ALIZAR E CONTRAMARCO. FORNECIMENTO E INSTALAÇÃO. AF_12/2019 | E79: m² | G79: 731.39 | H79: 18.27 | I79: =G79+H79 -> 749.66 | J79: =G79*F79 -> 0 | K79: =H79*F79 -> 0 | L79: =I79*F79 -> 0 | M79: =ROUND(L79*(1+$M$4),2) -> 0
A80: 6.11 | B80: PORTAS BLINDEX 90 CM | C80: 102184 ADAPTADO | D80: (ADAPTADO PARA EXCLUSIVE MOLA HIDRÁULICA) PORTA DE ABRIR COM MOLA HIDRÁULICA, EM VIDRO TEMPERADO, 90X210 CM, ESPESSURA 10 MM, INCLUSIVE ACESSÓRIOS. AF_01/2021 | E80: un | G80: 871.6 | H80: 103.59 | I80: =G80+H80 -> 975.19 | J80: =G80*F80 -> 0 | K80: =H80*F80 -> 0 | L80: =I80*F80 -> 0 | M80: =ROUND(L80*(1+$M$4),2) -> 0
A81: 5.8 | B81: PISO CERÂMICO 60X60CM | C81: 87256 | D81: REVESTIMENTO CERÂMICO PARA PISO COM PLACAS TIPO ESMALTADA EXTRA DE DIMENSÕES 60X60 CM APLICADA EM AMBIENTES DE ÁREA ENTRE 5 M2 E 10 M2. AF_06/2014 | E81: m² | G81: 76.79 | H81: 13.82 | I81: =G81+H81 -> 90.61 | J81: =G81*F81 -> 0 | K81: =H81*F81 -> 0 | L81: =I81*F81 -> 0 | M81: =ROUND(L81*(1+$M$4),2) -> 0
A85: 4 | D85: ESTACIONAMENTO | J85: =SUM(J87:J95) -> 31465.3 | K85: =SUM(K87:K95) -> 2108.125 | L85: =SUM(L87:L95) -> 33573.425 | M85: =SUM(M87:M95) -> 41036.8 | N85: =M85 -> 41036.8
A86: 4.1 | D86: PAVIMENTO
B87: LIMPEZA | C87: 98525 | D87: LIMPEZA MECANIZADA DE CAMADA VEGETAL, VEGETAÇÃO E PEQUENAS ÁRVORES (DIÂMETRO DE TRONCO MENOR QUE 0,20 M), COM TRATOR DE ESTEIRAS.AF_05/2018 | E87: M² | F87: 2000 | G87: 0.18 | H87: 0.17 | I87: =G87+H87 -> 0.35 | J87: =G87*F87 -> 360 | K87: =H87*F87 -> 340 | L87: =I87*F87 -> 700 | M87: =ROUND(L87*(1+$M$4),2) -> 855.61
B88: NIVELAMENTO | C88: 100575 | D88: REGULARIZAÇÃO DE SUPERFÍCIES COM MOTONIVELADORA. AF_11/2019 | E88: M² | F88: 2000 | G88: 0.07 | H88: 0.04 | I88: =G88+H88 -> 0.11 | J88: =G88*F88 -> 140 | K88: =H88*F88 -> 80 | L88: =I88*F88 -> 220 | M88: =ROUND(L88*(1+$M$4),2) -> 268.91
B89: BASE EM CASCALHO | C89: 96399 ADAPTADO | D89: (ADAPTADO PARA CASCALHO) EXECUÇÃO E COMPACTAÇÃO DE BASE E OU SUB BASE PARA PAVIMENTAÇÃO DE PEDRA RACHÃO - EXCLUSIVE CARGA E TRANSPORTE. AF_11/2019( | E89: m³ | F89: =1850*0.15 -> 277.5 | G89: 69.19 | H89: 3.37 | I89: =G89+H89 -> 72.56 | J89: =G89*F89 -> 19200.225 | K89: =H89*F89 -> 935.175 | L89: =I89*F89 -> 20135.4 | M89: =ROUND(L89*(1+$M$4),2) -> 24611.5
B90: CARGA E TRANSPORTE DO CASCALHO | C90: 100973 | D90: CARGA, MANOBRA E DESCARGA DE SOLOS E MATERIAIS GRANULARES EM CAMINHÃO BASCULANTE 6 M³ - CARGA COM PÁ CARREGADEIRA (CAÇAMBA DE 1,7 A 2,8 M³ / 128 HP) E DESCARGA LIVRE (UNIDADE: M3). AF_07/2020 | E90: m³ | F90: =F89 -> 277.5 | G90: 6.58 | H90: 1.11 | I90: =G90+H90 -> 7.69 | J90: =G90*F90 -> 1825.95 | K90: =H90*F90 -> 308.025 | L90: =I90*F90 -> 2133.975 | M90: =ROUND(L90*(1+$M$4),2) -> 2608.36
B91: CAMADA DE BRITA | C91: 96396 | D91: EXECUÇÃO E COMPACTAÇÃO DE BASE E OU SUB BASE PARA PAVIMENTAÇÃO DE BRITA GRADUADA SIMPLES - EXCLUSIVE CARGA E TRANSPORTE. AF_11/2019 | E91: m³ | F91: =1850*0.05 -> 92.5 | G91: 100.87 | H91: 3.7 | I91: =G91+H91 -> 104.57 | J91: =G91*F91 -> 9330.475 | K91: =H91*F91 -> 342.25 | L91: =I91*F91 -> 9672.725 | M91: =ROUND(L91*(1+$M$4),2) -> 11822.97
B92: CARGA E TRANSPORTE DO BRITA | C92: 100973 | D92: CARGA, MANOBRA E DESCARGA DE SOLOS E MATERIAIS GRANULARES EM CAMINHÃO BASCULANTE 6 M³ - CARGA COM PÁ CARREGADEIRA (CAÇAMBA DE 1,7 A 2,8 M³ / 128 HP) E DESCARGA LIVRE (UNIDADE: M3). AF_07/2020 | E92: m³ | F92: =F91 -> 92.5 | G92: 6.58 | H92: 1.11 | I92: =G92+H92 -> 7.69 | J92: =G92*F92 -> 608.65 | K92: =H92*F92 -> 102.675 | L92: =I92*F92 -> 711.325 | M92: =ROUND(L92*(1+$M$4),2) -> 869.45
B93: MEIO FIO | C93: 94264 | D93: GUIA (MEIO-FIO) CONCRETO, MOLDADA IN LOCO EM TRECHO CURVO COM EXTRUSORA, 13 CM BASE X 22 CM ALTURA. AF_06/2016 | E93: M | G93: 18.29 | H93: 13.68 | I93: =G93+H93 -> 31.97 | J93: =G93*F93 -> 0 | K93: =H93*F93 -> 0 | L93: =I93*F93 -> 0 | M93: =ROUND(L93*(1+$M$4),2) -> 0
B94: CANTEIRO
B95: DRENAGEM
A97: 4 | D97: SINALIZAÇÃO DE VIAS | J97: =SUM(J100:J106) -> 0 | K97: =SUM(K100:K106) -> 0 | L97: =SUM(L100:L106) -> 0 | M97: =SUM(M98:M106) -> 0
B98: PLACAS
B99: PINTURA DE FAIXA VIA
B100: PINTURA MEIO FIO
